 Dungeon Crawl Stone Soup version 0.19.0-18-g426998a (webtiles) character file.

699928 esc the Slayer (level 27, -20/345 HPs)
             Began as a Minotaur Chaos Knight on Nov 11, 2016.
             Killed from afar by an ancient lich (74 damage)
             ... with a bolt of cold
             ... on level 5 of the Realm of Zot.
             The game lasted 05:15:57 (65380 turns).

esc the Slayer (Minotaur Chaos Knight)             Turns: 65380, Time: 05:16:27

Health: -20/345    AC: 33    Str: 23    XL:     27
Magic:  18/38      EV:  2    Int: 11    God:    Xom [...*..]
Gold:   2511       SH:  4    Dex: 22    Spells: 1 memorised, 25 levels left

rFire  + + +     SeeInvis .     a - +8 great sword (slice)
rCold  . . .     Gourm    .     (armour currently unavailable)
rNeg   + + +     Faith    .     (shield currently unavailable)
rPois  +         Spirit   .     (helmet currently unavailable)
rElec  +         Reflect  +     (cloak currently unavailable)
rCorr  +         Harm     .     (gloves currently unavailable)
MR     ++...     NoTele   +     (boots currently unavailable)
Stlth  +++.......               C - +4 amulet of reflection
                                u - ring "Seuz" {rElec rF+++ Str-2 Int+2}
                                U - ring of Faabeegg {rCorr rPois Dex+4 Slay+3}

@: agile, tree-form, studying Fighting
A: (retaliatory headbutt), (beak), (horns 0), (talons 0), (iridescent scales 0),
rugged brown scales 2, blink, blurry vision 2, clumsy 2, (cold resistance 0),
(deformed body), (fire resistance 0), frail 2, high mp 1, sense surroundings 1,
(poison resistance), screaming 1, strong 1, teleportitis 1, no device heal 1,
subdued magic 2
a: Blink, Renounce Religion
}: 5/15 runes: serpentine, barnacled, slimy, silver, abyssal


You were on level 5 of the Realm of Zot.
You worshipped Xom.
You were a favourite toy of Xom.
You were not hungry.
You were a tree.
You visited 10 branches of the dungeon, and saw 54 of its levels.
You visited the Abyss 1 time.
You visited 1 bazaar.
You also visited: Ice Cave and Wizlab.

You collected 8955 gold pieces.
You spent 6444 gold pieces at shops.

Inventory:

Hand Weapons
 a - a +8 great sword of slicing (weapon)
   (You took it off a wight on level 9 of the Dungeon)
 g - a +8 blowgun
   (You took it off Sonja on level 3 of the Lair of Beasts)
Missiles
 y - 7 throwing nets {=f, !d}
 A - 34 curare-tipped needles
Armour
 h - a +2 cloak
   (You took it off a draconian scorcher on level 5 of the Realm of Zot)
 o - the +2 pair of boots of the Assassin (melded) {DetectMon Stab+ Stlth++}
   (You found it on level 3 of the Elven Halls)

   It makes you much more stealthy.
 M - the +6 chain mail of Xuethi (melded) {rN+ Dex+7}
   (You bought it in a shop on level 10 of the Dungeon)

   It affects your dexterity (+7).
   It protects you from negative energy.
 S - a +2 cloak of poison resistance (melded)
   (You took it off Nikola on level 2 of the Snake Pit)
 T - a +2 pair of gloves (melded)
   (You took it off Nikola on level 2 of the Snake Pit)
Rods
 b - a +5 rod of shadows (11/11)
   (You took it off a deep elf death mage on level 3 of the Elven Halls)
 r - a +4 rod of inaccuracy (11/11) {!a}
   (You found it on level 5 of the Vaults)
Jewellery
 m - an uncursed ring of flight {+Fly, !d}
   (You found it on level 5 of the Vaults)
 u - the ring "Seuz" (right branch) {rElec rF+++ Str-2 Int+2}
   (You found it on level 5 of the Vaults)

   [ring of intelligence]

   It affects your strength (-2).
   It affects your intelligence (+2).
   It renders you almost immune to fire.
   It insulates you from electricity.
 C - a +4 amulet of reflection (around neck)
   (You bought it in a shop on level 3 of the Snake Pit)
 U - the ring of Faabeegg (left branch) {rCorr rPois Dex+4 Slay+3}
   (You found it on level 5 of the Pits of Slime)

   [ring of resist corrosion]

   It affects your dexterity (+4).
   It affects your accuracy and damage with ranged weapons and melee attacks
   (+3).
   It protects you from poison.
Wands
 j - a wand of enslavement (9/24)
   (You found it on level 13 of the Dungeon)
 k - a wand of iceblast (6/15)
   (You found it on level 2 of the Depths)
 q - a wand of heal wounds (0/9)
   (Xom gifted it to you on level 1 of the Snake Pit)
 t - a wand of teleportation (2/9)
   (You found it on level 5 of the Dungeon)
 N - a wand of hasting (0/9)
   (You found it on level 5 of the Lair of Beasts)
 O - a wand of confusion (13/48)
   (You found it on level 2 of the Abyss)
 R - a wand of lightning (6/15)
   (You found it in an ice cave)
 Y - a wand of digging (15/24)
   (You found it in an ice cave)
Scrolls
 e - 4 scrolls of magic mapping {!r}
 i - 12 scrolls of remove curse
 n - 8 scrolls of blinking {!r}
 w - 9 scrolls of fog
 F - 2 scrolls of silence
 G - 4 scrolls of fear
 H - 4 scrolls of enchant armour
 K - a scroll of brand weapon
 Q - 2 scrolls of teleportation
Potions
 p - 10 potions of curing
 v - a potion of cancellation
 B - 9 potions of lignification {!q}
 E - 4 potions of cure mutation {!q}
 I - 2 potions of agility
 J - a potion of resistance
Books
 x - a manual of Fighting {!d}
   (You bought it in a shop on level 3 of the Shoals)
Miscellaneous
 d - a disc of storms
   (You found it on level 5 of the Vaults)
 f - a fan of gales
   (You found it on level 4 of the Shoals)
 P - a phial of floods (inert)
   (You found it on level 5 of the Lair of Beasts)
 V - 3 sacks of spiders
 X - a lamp of fire
   (You found it on level 6 of the Lair of Beasts)
Comestibles
 c - 24 bread rations {@e1}
 l - 4 chunks of flesh {@w0}


   Skills:
 + Level 26.7 Fighting
 + Level 25.9 Long Blades
 + Level 25.7 Armour
 + Level 24.0 Dodging
   Level 6.9 Shields
 + Level 18.1 Evocations


You had 25 spell levels left.
You knew the following spells:

 Your Spells              Type           Power        Failure   Level  Hunger
g - Apportation           Tloc           #.........   26%         1    ##.....


Dungeon Overview and Level Annotations

Branches:
Dungeon (15/15)            Temple (0/1) D:7            Lair (6/6) D:9
 Shoals (4/4) Lair:3        Snake (4/4) Lair:3        Slime (5/5) Lair:6
    Orc (2/2) D:10            Elf (3/3) Orc:2        Vaults (5/5) D:13
  Crypt (0/3) Vaults:3     Depths (5/5) D:15            Zot (5/5) Depths:5

Altars:
Ashenzari
Dithmenos
Elyvilon
Fedhas
Gozag
Kikubaaqudgha
Makhleb
Nemelex Xobeh
Okawaru
Qazlal
Sif Muna
Trog
Uskayaw
Vehumet
Xom
Yredelemnul
Beogh

Shops:
D:5 [   D:8 ?   D:10 [   Orc:2 *}}[   Elf:1 (}=*   Shoals:3 *%%:[
Snake:3 }}=(   Snake:4 :   Vaults:2 *   Depths:2 :

Portals:
Hell: Depths:1 Depths:2 Depths:3 Depths:4 Depths:5
Abyss: Depths:1 Depths:4
Pandemonium: Depths:3 Depths:5
Ziggurat: Depths:2
Trove: Depths:2 (give +2 storm dragon scales)

Annotations:
Elf:2 2 runed doors


Innate Abilities, Weirdness & Mutations

((You reflexively headbutt those who attack you in melee.))
((You have a pair of horns on your head.))
((You have a beak for a mouth.))
((You have sharp toenails.))
((You are partially covered in iridescent scales. (AC +2)))
(You are mostly covered in rugged brown scales. (AC +2, +5% HP))
You can translocate small distances at will.
Scrolls take you longer to read.
You are very clumsy. (Dex -4)
((Your flesh is cold resistant. (rC+)))
((Armour fits poorly on your strangely shaped body.))
((Your flesh is very heat resistant. (rF++)))
You are very frail. (-20% HP)
You have an increased reservoir of magic. (+10% MP)
You passively map a small area around you.
((Your system is resistant to poisons. (rPois)))
You occasionally shout uncontrollably at your foes.
Your muscles are strong. (Str +2)
You are occasionally teleported next to monsters.
Potions and wands are less effective at restoring your health.
Your spells are easier to cast, but less powerful.


Message History

Your jumping spider pounces on something but does no damage.
Your jumping spider bites something but does no damage.
Your jumping spider pounces on something.
Your jumping spider bites something but does no damage.
Something you can't see is thrashing in a web.
Your jumping spider pounces on something.
Your jumping spider barely misses something.
Something you can't see is thrashing in a web.
Send 'em back where they came from!
Your jumping spider shudders.
Your redback shudders. x4
Your jumping spider shudders.
Your wolf spider disappears in a puff of smoke!
Your wolf spider shudders.
You hear some strange, mumbled words.
A lance of force appears from out of thin air!
The lance of force hits your redback.
Your redback dies!
Your redback's corpse disappears in a puff of smoke!
Your jumping spider pounces on something but does no damage.
Your jumping spider bites something but does no damage.
Your jumping spider misses something.
Your jumping spider closely misses something.
Send 'em back where they came from!
Your jumping spider shudders.
Your redback shudders. x3
Your jumping spider shudders.
Your wolf spider disappears in a puff of smoke!
Something completely misses your jumping spider.
Your jumping spider barely misses something.
Your jumping spider bites something but does no damage.
Something completely misses your jumping spider.
Something closely misses your redback.
Your jumping spider seems to slow down.
Your jumping spider closely misses something.
Your jumping spider bites something but does no damage.
Your jumping spider pounces on something but does no damage.
Your jumping spider misses something.
Something barely misses your jumping spider.
Something hits your redback! Something burns your redback.
Your redback dies!
Your redback's corpse disappears in a puff of smoke!
You hear some strange, mumbled words.
A lance of force appears from out of thin air!
The lance of force hits your jumping spider.
Your jumping spider dies!
Your jumping spider's corpse disappears in a puff of smoke!
Your jumping spider closely misses something.
Your jumping spider bites something but does no damage.
You hear a distant "Zot"!
Your jumping spider closely misses something.
Your jumping spider bites something!
You hear some strange, mumbled words.
A shard of ice appears from out of thin air!
The shard of ice hits your jumping spider.
Your jumping spider dies!
Your jumping spider's corpse disappears in a puff of smoke!
You reach into the bag... ...and things crawl out!
A web moves frantically as something is caught in it!
Something hits your jumping spider! Something burns your jumping spider.
Something you can't see is thrashing in a web.
You hear some strange, mumbled words.
A bolt of cold appears from out of thin air!
The bolt of cold hits your jumping spider.
Your jumping spider dies!
Your jumping spider's corpse disappears in a puff of smoke!
The bolt of cold hits your redback.
Your redback dies!
Your redback's corpse disappears in a puff of smoke!
The bolt of cold hits your redback.
Your redback dies!
Your redback's corpse disappears in a puff of smoke!
The curse toe calls on the powers of darkness!
Your tarantella convulses!
You feel a surge of unholy energy.
You hear a shout!
You don't have any such object.
Okay, then.
Unknown command.
Unknown command.
Aim the phial where?
The great wave of water hits something.
The wave splashes down.
Splash!
You fall into the shallow water.
Moving in this stuff is going to be slow.
The water rises up and takes form.
You hear a roar! x2; You hear a shout!
You hear a chilling moan.
You hear a roar!
You hear a shout!
You hear a roar! x3; You hear a shout!
You hear a chilling moan.
Your tarantella closely misses something.
The curse toe gestures.
You hear some strange, mumbled words.
A bolt of cold appears from out of thin air!
The bolt of cold hits your tarantella.
Your tarantella dies!
Your tarantella's corpse disappears in a puff of smoke!
You hear some strange, mumbled words.
A bolt of cold appears from out of thin air!
The bolt of cold hits the deathcap.
The deathcap resists.
The bolt of cold hits you!
You die...
Xom giggles madly!

* , * * ##. ,,, ,
#.., ** , ,# #.. * ,
* * ..###..* ,
...≈≈≈≈#######
...E{E≈≈§....#####..
, ,
...≈^^fff{z.........
, y
######♣####§.###.. *
* **
*#######.######## *
, * ......{{ss.....#


y*d #...[..{......## *d d #.......(.....# # d * ##...........## # d ,,
#...........# # z d , #...........## # d, * .............# # You could see a
curse toe, 2 deathcaps, a wandering mushroom and 2 friendly water elementals.

Vanquished Creatures
  the Royal Jelly (Slime:5)
  Mennas (Depths:5)
  Mara (Shoals:4)
  4 ancient liches
  2 orbs of fire
  Boris (Depths:3)
  Margery (Vaults:2)
  Bai Suzhen (Vaults:4)
  Saint Roka (Depths:3)
  A caustic shrike (Depths:3)
  Xtahua (Depths:3)
  4 golden dragons
  A profane servitor (Abyss:2)
  Nikola (Snake:2)
  A bone dragon (Abyss:3)
  the Enchantress (Depths:1)
  An iron giant (Slime:2)
  An electric golem (Zot:2)
  A hellephant (Vaults:5)
  7 liches
  9 tentacled monstrosities
  5 Orb Guardians (Zot:5)
  A Hell Sentinel (Abyss:2)
  2 deep elf master archers (Elf:3)
  3 deep elf blademasters
  6 titans
  3 quicksilver dragons
  2 quicksilver dragons (shapeshifter)
  14 acid blobs
  Polyphemus (Shoals:2)
  5 sphinxes
  Frances (Snake:2)
  6 tentacled starspawn
  5 storm dragons
  5 shadow dragons
  2 tengu reavers (Depths:4)
  A death cob (Zot:2)
  Kirke (D:14)
  3 draconian monks
  13 nagarajas
  8 azure jellies
  A daeva (Abyss:3)
  12 frost giants
  Ilsuiw (Shoals:4)
  4 fire giants
  11 deep elf sorcerers
  17 vault wardens
  An iron dragon (Depths:5)
  3 draconian knights
  A cacodemon (Abyss:2)
  A balrug (Depths:1)
  A draconian scorcher (Zot:5)
  A draconian zealot (Zot:5)
  3 orc warlords
  Aizul (Snake:2)
  An emperor scorpion (Lair:6)
  16 ironheart preservers
  18 very ugly things
  6 spriggan defenders
  4 deep elf elementalists
  4 entropy weavers
  2 ghouls
  4 war gargoyles
  22 stone giants
  4 green draconians
  3 vampire knights
  A black draconian (Depths:5)
  12 deep elf demonologists
  3 purple draconians
  A white draconian (Zot:5)
  3 yellow draconians (Depths:5)
  8 deep elf annihilators
  A red draconian (Depths:4)
  A lorocyproca (Depths:3)
  2 dire elephants
  3 spark wasps
  A mottled draconian (Depths:5)
  A crystal guardian (Vaults:4)
  2 spark wasps (shapeshifter)
  5 merfolk javelineers
  3 green deaths
  27 ettins
  A minotaur (Lair:5)
  3 death oozes (Slime:5)
  18 great orbs of eyes
  15 merfolk impalers
  10 deep elf death magi
  3 deep elf high priests
  20 yaktaur captains
  8 ice dragons
  25 ogre magi
  11 fire dragons
  6 rakshasas
  39 vault guards
  Erolcha (D:9)
  30 naga warriors
  2 alligator snapping turtles
  6 spriggan air magi
  A catoblepas (Shoals:2)
  13 large abominations
  A merfolk avatar (Shoals:4)
  3 death knights
  The ghost of Chiseanne the Nimble, a journeyman DsHu of Makhleb (D:12)
  13 merfolk aquamancers
  2 satyrs
  6 anacondas
  8 tengu warriors
  32 dancing weapons
  9 centaur warriors
  2 death yaks (Shoals:2)
  3 hydras (Lair:2)
  An alligator (Lair:6)
  A queen ant (shapeshifter) (Depths:3)
  9 thrashing horrors
  A vampire mage (Depths:2)
  3 hell hogs (Abyss:3)
  2 orc high priests
  11 deep troll shamans
  3 spriggan berserkers
  11 deep troll earth magi
  7 shock serpents
  29 deep elf knights
  15 naga sharpshooters
  3 soul eaters
  5 wretched stars
  Sonja (Lair:3)
  The ghost of Shufflesack the Unseen, a journeyman SpEn of Dithmenos (D:12)
  5 sun demons
  A fire crab (Lair:4)
  A fire crab (shapeshifter) (Depths:2)
  A sixfirhy (Abyss:1)
  2 shadow wraiths
  18 hell knights
  3 iron trolls
  2 spatial maelstroms
  4 unseen horrors
  2 skeletal warriors
  19 sea snakes
  3 salamander mystics
  A swamp dragon (Lair:6)
  5 flayed ghosts
  35 deep trolls
  4 wizards
  A shadow demon (Depths:2)
  2 death drakes (shapeshifter)
  5 naga ritualists (Snake:4)
  4 glowing orange brains
  3 obsidian statues
  9 hill giants
  22 deep elf archers
  12 harpies
  A harpy (shapeshifter) (Vaults:2)
  13 ironbrand convokers
  5 phantasmal warriors
  A lindwurm (shapeshifter) (Depths:3)
  11 orc knights
  31 ugly things
  A wolf spider zombie (Abyss:1)
  75 deep elf magi
  6 orc sorcerers
  3 wolf spiders
  9 mana vipers
  A wolf spider (shapeshifter) (Vaults:5)
  An orb spider (shapeshifter) (D:15)
  An oklob plant (D:13)
  4 moths of wrath (Zot:1)
  8 cyclopes
  13 manticores
  15 fauns
  4 worldbinders
  112 slime creatures
  4 centaur zombies
  4 shining eyes
  14 salamanders
  8 guardian serpents
  4 rust devils
  5 sirens
  An eye of devastation (shapeshifter) (Depths:2)
  27 elephants
  2 ice statues
  20 vault sentinels
  A black mamba (shapeshifter) (Depths:2)
  22 naga magi
  29 black mambas
  Psyche (D:11)
  6 water nymphs
  3 eyes of devastation
  6 smoke demons
  4 gargoyles
  4 kobold demonologists
  14 spiny frogs
  4 centaur skeletons
  5 spectral swamp worms (Depths:3)
  An efreet (D:15)
  9 rime drakes
  A rime drake (shapeshifter) (Depths:2)
  9 komodo dragons
  A komodo dragon (shapeshifter) (Depths:1)
  3 hellwings
  56 yaktaurs
  A bog body (Abyss:3)
  5 ancient zymes
  10 freezing wraiths
  4 red devils
  4 tengu conjurers
  24 polar bears
  A queen bee (shapeshifter) (Depths:2)
  A jumping spider (shapeshifter) (Depths:1)
  An ice devil (Depths:4)
  12 trolls
  10 hornets
  42 merfolk
  A wind drake (shapeshifter) (Vaults:4)
  A queen bee (Lair:2)
  A troll (shapeshifter) (Vaults:1)
  A jumping spider (Vaults:4)
  7 raiju
  43 two-headed ogres
  A two-headed ogre (shapeshifter) (Depths:1)
  10 blink frogs
  13 snapping turtles
  6 dream sheep
  11 hippogriffs
  5 wind drakes
  3 centaur simulacra (D:13)
  24 water elementals
  8 spriggans
  3 ynoxinuls
  9 redbacks
  30 starcursed masses
  A spriggan (shapeshifter) (Depths:4)
  A shadow (Vaults:3)
  6 wraiths
  A redback (shapeshifter) (Vaults:5)
  56 yaks
  7 air elementals
  A vampire (Abyss:1)
  4 wyverns
  5 basilisks
  6 golden eyes
  3 hogs (D:14)
  A human (shapeshifter) (Depths:5)
  2 basilisks (shapeshifter)
  3 fire elementals
  2 chaos spawn
  2 hungry ghosts
  A steam dragon (shapeshifter) (Vaults:4)
  Eustachio (D:5)
  2 vampire mosquitoes (D:12)
  Grum (D:8)
  5 neqoxecs
  A spatial vortex (Abyss:3)
  2 mottled dragons
  6 wargs
  A soldier ant (D:9)
  75 nagas
  A floating eye (shapeshifter) (Depths:3)
  17 water moccasins
  9 porcupines
  2 sky beasts
  A floating eye (Depths:2)
  A black bear (shapeshifter) (Vaults:4)
  49 orc warriors
  10 small abominations
  An ettin simulacrum (Vaults:2)
  2 eyes of draining (shapeshifter)
  A sky beast (shapeshifter) (Orc:2)
  12 ice beasts
  94 ogres
  A necrophage (D:10)
  13 boggarts
  21 wolves
  5 eyes of draining
  A centaur (shapeshifter) (Vaults:5)
  16 centaurs
  9 crocodiles
  2 big kobolds (shapeshifter)
  4 big kobolds
  2 earth elementals
  19 bullfrogs
  A hornet simulacrum (D:13)
  3 scorpions
  2 wyvern skeletons
  A water moccasin skeleton (D:8)
  10 wights
  29 killer bees
  A snapping turtle simulacrum (Abyss:2)
  4 electric eels
  4 howler monkeys
  15 crimson imps
  3 bullfrog zombies
  3 lava snakes (Lair:3)
  8 quasits
  4 hounds
  11 jellies
  2 bullfrog skeletons
  27 orc priests
  7 iron imps
  27 orc wizards
  An iguana (shapeshifter) (Depths:2)
  7 iguanas
  9 worker ants
  2 hell rats (Lair:5)
  A worker ant (shapeshifter) (Lair:5)
  A killer bee zombie (D:6)
  17 adders
  8 river rats
  7 shadow imps
  4 white imps (Depths:2)
  6 ufetubi
  21 oozes
  An adder zombie (D:5)
  A worm (shapeshifter) (Vaults:3)
  4 worms
  A dart slug (D:2)
  5 leopard geckos
  97 orcs
  6 ball pythons
  6 giant cockroaches
  10 goblins
  7 hobgoblins
  9 jackals
  3 quokkas
  12 bats
  5 frilled lizards
  A jackal skeleton (D:7)
  15 kobolds
  A leopard gecko zombie (D:7)
  A quokka skeleton (D:8)
  12 rats
  A fungus (D:9)
  4 plants
  4 starspawn tentacles (Abyss:3)
  2 tentacles (Shoals:4)
2722 creatures vanquished.

Vanquished Creatures (collateral kills)
  An orb of fire (Zot:5)
  A golden dragon (Depths:5)
  Jorgrun (Shoals:3)
  Rupert (Lair:6)
  4 Orb Guardians (Zot:5)
  A tentacled monstrosity (Zot:5)
  2 acid blobs (Slime:5)
  Donald (Shoals:1)
  A war gargoyle (Vaults:5)
  A deep elf elementalist (Elf:3)
  A ghost moth (Zot:5)
  A vampire knight (Depths:2)
  2 spark wasps (Depths:5)
  2 merfolk avatars
  A naga warrior (Snake:4)
  The ghost of MDvedh the Basher, a novice MiAM (D:9)
  A deep troll shaman (Depths:5)
  A deep elf knight (Vaults:5)
  3 deep trolls
  A deep elf mage (Vaults:2)
  An ugly thing (Depths:2)
  2 elephants (Lair:5)
  A siren (Shoals:1)
  A komodo dragon (Lair:5)
  A yaktaur (Depths:5)
  A rime drake (shapeshifter) (D:13)
  3 merfolk
  A yak (Lair:6)
  A water elemental (Shoals:1)
  A water moccasin (Lair:3)
  5 ogres
  A jelly (D:7)
  2 orc wizards
  2 adders (Lair:3)
  An orc (Orc:2)
  A quokka skeleton (D:7)
53 creatures vanquished.

Vanquished Creatures (others)
  A merfolk impaler (Shoals:4)
  A naga warrior (Snake:2)
  An anaconda (Snake:4)
  3 dancing weapons
  A deep elf knight (Elf:2)
  A deep elf mage (Vaults:4)
  A moth of wrath (Zot:5)
  5 ball lightnings
  2 yaktaurs
  A two-headed ogre (Vaults:5)
  A yak (Lair:4)
  A human (D:14)
  2 nagas (Snake:4)
  An orc warrior (Vaults:3)
  3 ogres
  A boggart (Elf:3)
  A centaur (Shoals:3)
  An orc priest (D:9)
  An adder (Lair:3)
  3 orcs
  A fire vortex (Depths:1)
  32 fungi
  A lurking horror (Abyss:3)
  39 plants
  8 starspawn tentacles
  43 tentacles (Shoals:4)
156 creatures vanquished.

Grand Total: 2931 creatures vanquished

Notes
Turn   | Place    | Note
-------+----------+-------------------------------------------
     0 | D:1      | esc the Minotaur Chaos Knight began the quest for the Orb.
     0 | D:1      | Reached XP level 1. HP: 19/19 MP: 0/0
    53 | D:1      | XOM: divination: detect items
   265 | D:1      | Reached XP level 2. HP: 27/27 MP: 1/1
   323 | D:1      | XOM: divination: detect items
   533 | D:1      | XOM: harmless Necr miscast
   585 | D:1      | XOM: silly message
   601 | D:1      | Reached skill level 3 in Armour
   767 | D:2      | Reached skill level 4 in Fighting
   795 | D:2      | Reached skill level 4 in Long Blades
   795 | D:2      | Reached XP level 3. HP: 32/33 MP: 2/2
   805 | D:2      | Reached skill level 2 in Dodging
   814 | D:2      | Found a blossoming altar of Fedhas.
   971 | D:2      | Reached XP level 4. HP: 40/40 MP: 3/3
  1382 | D:2      | XOM: divination: magic mapping
  1444 | D:2      | XOM: give mutations
  1444 | D:2      | Gained mutation: You can translocate small distances at will. [Xom's grace]
  1444 | D:2      | Gained mutation: You are partially covered in rugged brown scales. (AC +1, +3% HP) [Xom's grace]
  1444 | D:2      | Gained mutation: You are mostly covered in rugged brown scales. (AC +2, +5% HP) [Xom's grace]
  1473 | D:2      | XOM: give mutations
  1473 | D:2      | Gained mutation: You possess an exceptional clarity of mind. [Xom's grace]
  1473 | D:2      | Gained mutation: Your muscles are strong. (Str +2) [Xom's grace]
  1473 | D:2      | Gained mutation: You are partially covered in iridescent scales. (AC +2) [Xom's grace]
  1780 | D:3      | XOM: give mutations
  1780 | D:3      | Gained mutation: You have sharp toenails. [Xom's grace]
  1780 | D:3      | Gained mutation: Your muscles are very strong. (Str +4) [Xom's grace]
  1780 | D:3      | Gained mutation: Your mind is acute. (Int +2) [Xom's grace]
  1798 | D:3      | XOM: scenery: create altars
  1922 | D:3      | Reached XP level 5. HP: 49/49 MP: 4/4
  1935 | D:3      | Reached skill level 1 in Shields
  1937 | D:3      | XOM: summons 2 friendly demons
  2446 | D:3      | XOM: noise
  2760 | D:4      | XOM: divination: detect items
  2896 | D:4      | XOM: scenery: create altars
  2983 | D:4      | Found an opulent altar of Gozag.
  2993 | D:4      | Reached skill level 5 in Fighting
  2993 | D:4      | Reached skill level 4 in Armour
  3272 | D:4      | XOM: give mutations
  3272 | D:4      | Gained mutation: Your flesh is cold resistant. (rC+) [Xom's grace]
  3272 | D:4      | Gained mutation: You have sharp fingernails. [Xom's grace]
  3272 | D:4      | Gained mutation: Your mind is very acute. (Int +4) [Xom's grace]
  3272 | D:4      | Gained mutation: You have a pair of large horns on your head. [Xom's grace]
  3290 | D:5      | Entered Level 5 of the Dungeon
  3351 | D:5      | Found Lyraz's Armour Shop.
  3437 | D:5      | Noticed Eustachio
  3453 | D:5      | Killed Eustachio
  3453 | D:5      | Reached skill level 5 in Long Blades
  3453 | D:5      | Reached skill level 3 in Dodging
  3453 | D:5      | Reached skill level 2 in Shields
  3453 | D:5      | Reached XP level 6. HP: 58/58 MP: 5/5
  3539 | D:5      | XOM: divination: magic mapping
  3595 | D:5      | Found a shadowy altar of Dithmenos.
  3664 | D:5      | Found a hide-covered altar of Uskayaw.
  3940 | D:6      | Found an iron altar of Okawaru.
  3955 | D:6      | Found a stormy altar of Qazlal.
  4016 | D:6      | Found a bloodstained altar of Trog.
  4066 | D:6      | XOM: god gift: 60 gold pieces
  4233 | D:6      | XOM is BORED!
  4233 | D:6      | XOM: medium Tmut miscast
  4250 | D:7      | XOM: cast spell 'Summon Horrible Things'
  4287 | D:7      | Found a staircase to the Ecumenical Temple.
  4310 | D:7      | Reached XP level 7. HP: 63/64 MP: 6/6
  4314 | D:7      | Reached skill level 3 in Shields
  4482 | D:7      | Reached skill level 5 in Armour
  4482 | D:7      | Reached skill level 4 in Dodging
  4560 | D:7      | XOM: scenery: create altars
  4620 | D:7      | XOM: cleaving
  4622 | D:7      | XOM: harmless Ice miscast
  4636 | D:7      | Reached skill level 6 in Fighting
  4636 | D:7      | Reached skill level 6 in Long Blades
  4664 | D:7      | Reached skill level 4 in Shields
  4816 | D:7      | Reached XP level 8. HP: 74/74 MP: 7/7
  4817 | D:7      | XOM: blink monster(s)
  5030 | D:8      | Noticed a two-headed ogre
  5039 | D:7      | XOM: medium Divn miscast
  5140 | D:8      | Reached skill level 5 in Dodging
  5153 | D:8      | Reached skill level 6 in Armour
  5172 | D:8      | Found a faded altar of an unknown god.
  5172 | D:8      | Found a faded altar of an unknown god.
  5178 | D:8      | Found a faded altar of an unknown god.
  5188 | D:8      | Found a faded altar of an unknown god.
  5190 | D:8      | Found a shattered altar of Ashenzari.
  5244 | D:8      | Killed a two-headed ogre
  5244 | D:8      | Reached skill level 7 in Fighting
  5244 | D:8      | Reached skill level 7 in Long Blades
  5244 | D:8      | Reached skill level 5 in Shields
  5308 | D:8      | XOM: draining
  5386 | D:8      | Found Zokku's Magic Scroll Boutique.
  5395 | D:8      | XOM: noise
  5407 | D:8      | Reached XP level 9. HP: 69/82 MP: 8/8
  5432 | D:8      | Bought a scroll of identify for 22 gold pieces
  5432 | D:8      | Bought a scroll of identify for 22 gold pieces
  5500 | D:8      | Reached skill level 6 in Dodging
  5615 | D:8      | Noticed Grum
  5624 | D:8      | Reached skill level 7 in Armour
  5624 | D:8      | Reached skill level 6 in Shields
  5630 | D:8      | Killed Grum
  5759 | D:8      | XOM: harmless Tmut miscast
  5763 | D:8      | Reached skill level 8 in Long Blades
  5966 | D:9      | XOM: divination: magic mapping
  6033 | D:9      | Found a staircase to the Lair.
  6036 | D:9      | Found a radiant altar of Vehumet.
  6036 | D:9      | XOM: 8-stop teleportation journey
  6039 | Lair:1   | Entered Level 1 of the Lair of Beasts
  6052 | Lair:1   | Reached skill level 8 in Fighting
  6056 | Lair:1   | XOM: noise
  6062 | Lair:1   | XOM: enchant monster (bad)
  6066 | Lair:1   | XOM: noise
  6070 | Lair:1   | Noticed a spiny frog
  6071 | Lair:1   | XOM: confuse monster(s)
  6116 | Lair:1   | Noticed a komodo dragon
  6134 | Lair:1   | Killed a komodo dragon
  6134 | Lair:1   | Reached skill level 7 in Dodging
  6146 | Lair:1   | Reached skill level 8 in Armour
  6302 | Lair:1   | XOM: 1-stop teleportation journey
  6316 | Lair:1   | XOM: noise
  6319 | Lair:1   | Reached XP level 10. HP: 86/94 MP: 9/9
  6319 | Lair:1   | XOM: fake destruction
  6328 | Lair:1   | Reached skill level 9 in Long Blades
  6367 | Lair:1   | Noticed a spiny frog
  6377 | Lair:1   | XOM: harmless Air miscast
  6385 | Lair:1   | Killed a spiny frog
  6385 | Lair:1   | Reached skill level 9 in Fighting
  6565 | Lair:1   | XOM: potion effect (haste)
  6972 | Lair:1   | Killed a spiny frog
  6997 | Lair:2   | XOM: potion effect (heal wounds)
  6999 | Lair:2   | Reached skill level 9 in Armour
  7097 | Lair:2   | XOM: harmless Tloc miscast
  7106 | Lair:2   | XOM: mild Necr miscast
  7113 | Lair:2   | Noticed a spiny frog
  7125 | Lair:2   | XOM: swap monsters
  7128 | Lair:2   | Killed a spiny frog
  7155 | Lair:2   | Reached skill level 8 in Dodging
  7231 | Lair:2   | XOM: medium Summ miscast
  7267 | Lair:2   | XOM: 4-stop teleportation journey
  7408 | Lair:2   | Noticed a four-headed hydra
  7500 | Lair:3   | Noticed a black mamba
  7500 | Lair:3   | XOM: summons 4 hostile demons
  7501 | Lair:3   | Noticed a sixfirhy
  7520 | Lair:2   | XOM: summons 1 hostile demon
  7524 | Lair:2   | Killed a black mamba
  7524 | Lair:2   | Reached skill level 10 in Long Blades
  7558 | Lair:2   | XOM: medium Tloc miscast
  7686 | Lair:3   | Noticed a spiny frog
  7696 | Lair:3   | HP: 20/97 [spiny frog (14)]
  7697 | Lair:3   | Found a staircase to the Snake Pit.
  7703 | Lair:3   | XOM: blink monster(s)
  7708 | Lair:3   | XOM: cast spell 'Discord'
  7857 | Lair:3   | Killed a spiny frog
  7857 | Lair:3   | Reached skill level 10 in Fighting
  7880 | Lair:3   | XOM: mild Chrm miscast
  8221 | Lair:3   | Noticed Sonja
  8256 | Lair:3   | Killed Sonja
  8256 | Lair:3   | Reached XP level 11. HP: 66/103 MP: 10/10
  8257 | Lair:3   | Reached skill level 10 in Armour
  8286 | Lair:3   | HP: 26/105 [poisoned by Sonja]
  8292 | Lair:3   | HP: 24/105 [poisoned by Sonja]
  8299 | Lair:3   | HP: 23/105 [poisoned by Sonja]
  8306 | Lair:3   | HP: 23/105 [poisoned by Sonja]
  8314 | Lair:3   | HP: 23/105 [poisoned by Sonja]
  8562 | Lair:3   | Reached skill level 9 in Dodging
  8761 | Lair:3   | XOM: medium Conj miscast
  8806 | Lair:3   | Found a staircase to the Shoals.
  8877 | Lair:3   | XOM: divination: magic mapping
  9151 | Lair:4   | XOM: destruction
  9165 | Lair:4   | XOM: summons 4 friendly demons
  9194 | Lair:4   | XOM: mild Chrm miscast
  9196 | Lair:4   | Reached skill level 11 in Long Blades
  9302 | Lair:4   | Got a pair of polished boots
  9313 | Lair:4   | Identified the +1 pair of boots of Tartarus {rElec} (You found it on level 4 of the Lair of Beasts)
  9321 | Lair:4   | XOM: enchant monster (good)
  9327 | Lair:4   | XOM: confuse monster(s)
  9344 | Lair:4   | Noticed a fire crab
  9344 | Lair:4   | a yak changed into a fire crab
  9347 | Lair:4   | Killed a fire crab
  9350 | Lair:4   | Reached skill level 11 in Fighting
  9447 | Lair:4   | XOM: cast spell 'Olgreb's Toxic Radiance'
  9613 | Lair:4   | Reached skill level 11 in Armour
  9613 | Lair:4   | Reached skill level 10 in Dodging
  9623 | Lair:4   | Noticed an eight-headed hydra
  9635 | Lair:5   | XOM: divination: magic mapping
  9689 | Lair:5   | XOM: confuse monster(s)
  9861 | Lair:5   | XOM: confuse monster(s)
  9942 | Lair:5   | Reached XP level 12. HP: 100/115 MP: 11/11
  9973 | Lair:5   | XOM: potion effect (agility)
  9983 | Lair:5   | XOM: harmless Necr miscast
 10000 | Lair:5   | Reached skill level 12 in Long Blades
 10196 | Lair:5   | XOM: divination: detect items
 10300 | Lair:5   | XOM: harmless Summ miscast
 10328 | Lair:5   | XOM: cast spell 'Cause Fear'
 10329 | Lair:5   | XOM: blink monster(s)
 10344 | Lair:5   | XOM: potion effect (berserk rage)
 10601 | Lair:6   | Entered Level 6 of the Lair of Beasts
 10687 | Lair:6   | XOM: fog
 10692 | Lair:5   | Paralysed by a hornet for 2 turns
 10770 | Lair:5   | XOM: cast spell 'Monstrous Menagerie'
 10786 | Lair:5   | Reached skill level 12 in Fighting
 11046 | Lair:5   | Reached skill level 12 in Armour
 11058 | Lair:5   | XOM: divine lightning
 11062 | Lair:5   | XOM: 2-stop teleportation journey
 11315 | Lair:5   | XOM: divination: magic mapping
 11336 | Lair:5   | Reached skill level 11 in Dodging
 11364 | Lair:6   | XOM: potion effect (brilliance)
 11442 | Lair:6   | XOM: scenery: create altars
 11484 | Lair:6   | HP: 29/117 [poisoned by a sea snake]
 11489 | Lair:6   | HP: 27/117 [poisoned by a sea snake]
 11494 | Lair:6   | HP: 25/117 [poisoned by a sea snake]
 11499 | Lair:6   | HP: 24/117 [poisoned by a sea snake]
 11506 | Lair:6   | HP: 25/117 [poisoned by a sea snake]
 11513 | Lair:5   | HP: 25/117 [poisoned by a sea snake]
 11585 | Lair:5   | XOM: scenery: create altars
 11873 | Lair:6   | XOM: polymorph elephant -> swamp dragon
 11893 | Lair:6   | XOM: scenery: create altars
 11899 | Lair:6   | XOM: enchant monster (good)
 11917 | Lair:6   | XOM: scenery: create altars
 12002 | Lair:5   | XOM: summons friendly iron imp
 12069 | Lair:5   | XOM: cast spell 'Statue Form'
 12240 | Lair:5   | XOM: blink monster(s)
 12352 | Lair:6   | Reached skill level 13 in Long Blades
 12440 | Lair:6   | Noticed a seven-headed hydra
 12599 | Lair:6   | XOM: harmless Necr miscast
 12607 | Lair:6   | Paralysed by a hornet for 2 turns
 12611 | Lair:6   | XOM: cast spell 'Shadow Creatures'
 12615 | Lair:6   | Noticed a six-headed hydra
 12625 | Lair:5   | XOM: harmless Hex miscast
 12630 | Lair:5   | XOM: divination: detect creatures
 12818 | Lair:5   | XOM: noise
 12833 | Lair:5   | Reached XP level 13. HP: 116/124 MP: 12/12
 12974 | D:9      | Noticed Erolcha
 12975 | D:9      | XOM: enchant monster (good)
 12988 | D:9      | XOM: cast spell 'Call Canine Familiar'
 12991 | D:9      | XOM: confuse monster(s)
 12994 | D:9      | XOM: cast spell 'Discord'
 13027 | D:9      | XOM: blink monster(s)
 13043 | D:9      | Reached skill level 13 in Fighting
 13049 | D:9      | Killed Erolcha
 13049 | D:9      | Reached skill level 13 in Armour
 13138 | D:9      | Got a bloodstained hand axe
 13393 | D:9      | Noticed MDvedh's ghost (novice MiAM)
 13403 | D:9      | Killed MDvedh's ghost
 13453 | D:9      | XOM: summons friendly ufetubus
 13531 | D:9      | Found a white marble altar of Elyvilon.
 13593 | D:9      | Found a basalt altar of Yredelemnul.
 13628 | D:10     | Entered Level 10 of the Dungeon
 13674 | D:10     | Found a deep blue altar of Sif Muna.
 13733 | D:10     | Found a staircase to the Orcish Mines.
 13733 | D:10     | Found Pogry's Armour Boutique.
 13839 | D:10     | Reached skill level 12 in Dodging
 13994 | D:10     | XOM: cloud trail
 14007 | D:10     | XOM: 8-stop teleportation journey
 14362 | Orc:1    | Entered Level 1 of the Orcish Mines
 14362 | Orc:1    | Noticed a stone giant
 14363 | Orc:1    | XOM: cast spell 'Summon Small Mammal'
 14366 | Orc:1    | XOM: enchant monster (good)
 14380 | Orc:1    | Killed a stone giant
 14389 | Orc:1    | XOM: cloud trail
 14434 | Orc:1    | XOM: 5-stop teleportation journey
 14637 | Orc:1    | Found a roughly hewn altar of Beogh.
 14655 | Orc:1    | XOM: enchant monster (good)
 14729 | Orc:1    | Noticed an orc warlord
 14745 | Orc:1    | Killed an orc warlord
 14898 | Orc:1    | XOM: god gift: 830 gold pieces
 15017 | Orc:1    | XOM: god gift: runed great sword {god gift}
 15045 | D:10     | Bought the +6 chain mail of Xuethi {rN+ Dex+7} for 966 gold pieces
 15073 | Orc:2    | Entered Level 2 of the Orcish Mines
 15075 | Orc:2    | Found Jyshromec's Gadget Shop.
 15075 | Orc:2    | Found Wack's Armour Shoppe.
 15075 | Orc:2    | Found Otuf's General Store.
 15075 | Orc:2    | Found Syorgh's Gadget Shop.
 15075 | Orc:2    | XOM: 1-stop teleportation journey
 15082 | Orc:2    | XOM: cast spell 'Hydra Form'
 15106 | Orc:2    | XOM: swap monsters
 15108 | Orc:2    | Reached skill level 14 in Long Blades
 15126 | Orc:2    | XOM: enchant monster (good)
 15137 | Orc:2    | Reached skill level 14 in Fighting
 15142 | Orc:2    | Reached skill level 14 in Armour
 15142 | Orc:2    | XOM: potion effect (heal wounds)
 15150 | Orc:2    | XOM: confuse monster(s)
 15156 | Orc:2    | XOM: fog
 15167 | Orc:2    | Reached XP level 14. HP: 115/138 MP: 13/13
 15189 | Orc:2    | XOM: scenery: create altars
 15237 | Orc:2    | Reached skill level 13 in Dodging
 15285 | Orc:2    | Bought a scroll of identify for 36 gold pieces
 15285 | Orc:2    | Bought a scroll of teleportation for 54 gold pieces
 15286 | Orc:2    | Gained mutation: You are agile. (Dex +2) [potion of beneficial mutation]
 15287 | Orc:2    | Gained mutation: You evolve. [potion of beneficial mutation]
 15368 | Orc:2    | Found a staircase to the Elven Halls.
 15562 | Orc:2    | XOM: scenery: create altars
 15571 | Orc:2    | Noticed an orc warlord
 15633 | Orc:2    | XOM: give mutations
 15633 | Orc:2    | Lost mutation: You evolve. [Xom's grace]
 15633 | Orc:2    | Gained mutation: You are somewhat resistant to further mutation. [Xom's grace]
 15633 | Orc:2    | Gained mutation: You are somewhat resistant to both further mutation and mutation removal. [Xom's grace]
 15633 | Orc:2    | Gained mutation: You have razor-sharp toenails. [Xom's grace]
 15642 | Orc:2    | XOM: chaos upgrade
 15655 | Orc:2    | XOM: harmless Conj miscast
 15656 | Orc:2    | XOM: smoke on damage
 15734 | Orc:1    | XOM: mild Hex miscast
 15799 | Orc:2    | XOM: enchant monster (good)
 15836 | Orc:2    | Killed an orc warlord
 15862 | Orc:2    | XOM: summons 6 hostile demons
 16072 | D:8      | Bought a scroll of teleportation for 33 gold pieces
 16072 | D:8      | Bought a scroll of teleportation for 33 gold pieces
 16072 | D:8      | Bought a scroll of recharging for 104 gold pieces
 16072 | D:8      | Bought a scroll of enchant armour for 82 gold pieces
 16072 | D:8      | Bought a scroll of enchant armour for 82 gold pieces
 16072 | D:8      | Bought a scroll of recharging for 104 gold pieces
 16358 | D:11     | Noticed Psyche
 16363 | D:11     | Killed Psyche
 16927 | D:12     | Noticed Chiseanne's ghost (journeyman DsHu)
 16935 | D:12     | Killed Chiseanne's ghost
 16983 | D:12     | XOM: god gift: slice of pizza
 16984 | D:12     | XOM: summons friendly crimson imp
 17056 | D:12     | Noticed Shufflesack's ghost (journeyman SpEn)
 17065 | D:12     | Killed Shufflesack's ghost
 17596 | D:12     | XOM: harmless Chrm miscast
 17606 | D:12     | Got a smoking plate armour
 17617 | D:12     | Identified the cursed +1 plate armour of Distant Shores {Int+4} (You found it on level 12 of the Dungeon)
 17681 | D:12     | Reached skill level 15 in Long Blades
 18100 | D:12     | XOM: silly message
 18170 | D:13     | XOM: polymorph hippogriff -> mana viper
 18173 | D:13     | XOM: harmless Pois miscast
 18188 | D:13     | Reached skill level 15 in Fighting
 18212 | D:13     | XOM: harmless Necr miscast
 18271 | D:13     | Found a frozen archway.
 18291 | IceCv    | Entered an ice cave
 18317 | IceCv    | Reached skill level 15 in Armour
 18356 | IceCv    | XOM: noise
 18359 | IceCv    | XOM: enchant monster (bad)
 18388 | IceCv    | XOM: summons 1 hostile shadow creature
 18452 | IceCv    | Reached skill level 14 in Dodging
 18582 | IceCv    | XOM: enchant monster (good)
 18591 | IceCv    | XOM: potion effect (curing)
 18724 | IceCv    | Noticed a frost giant
 18738 | IceCv    | Killed a frost giant
 18738 | IceCv    | Reached XP level 15. HP: 141/148 MP: 14/14
 18774 | IceCv    | Got a scorched chain mail
 18861 | IceCv    | Identified the cursed +0 chain mail of Dramatic Exits {Str+3} (You found it in an ice cave)
 19202 | D:13     | Got a shimmering leather armour
 19215 | D:13     | Identified the +5 leather armour of Bitterness {Str+6} (You found it on level 13 of the Dungeon)
 19295 | D:13     | Found a gate to the Vaults.
 19367 | D:13     | XOM: potion effect (brilliance)
 19372 | D:13     | XOM: cast spell 'Summon Butterflies'
 19400 | D:13     | Found a burning altar of Makhleb.
 19596 | D:13     | XOM: enchant monster (good)
 19760 | Snake:1  | Entered Level 1 of the Snake Pit
 19931 | Snake:1  | XOM: cloud trail
 20180 | Snake:1  | XOM: god gift: wooden wand {god gift}
 20230 | Snake:1  | XOM: give mutations
 20230 | Snake:1  | Gained mutation: Your natural rate of healing is unusually fast. [Xom's grace]
 20230 | Snake:1  | Gained mutation: Your system is resistant to poisons. (rPois) [Xom's grace]
 20233 | Snake:1  | XOM: snakes to sticks
 20481 | Snake:1  | XOM: give mutations
 20481 | Snake:1  | Gained mutation: Your spells are a little harder to cast, but a little more powerful. [Xom's grace]
 20481 | Snake:1  | Gained mutation: Your spells are harder to cast, but more powerful. [Xom's grace]
 20515 | Snake:1  | Reached skill level 16 in Long Blades
 20585 | Snake:1  | XOM: give mutations
 20585 | Snake:1  | Lost mutation: Your mind is very acute. (Int +4) [Xom's mischief]
 20585 | Snake:1  | Lost mutation: You are mostly covered in rugged brown scales. (AC +2, +5% HP) [Xom's mischief]
 20585 | Snake:1  | Lost mutation: You have razor-sharp toenails. [Xom's mischief]
 20626 | Snake:1  | XOM: potion effect (invisibility)
 20806 | Snake:1  | XOM: divination: detect items
 20816 | Snake:1  | XOM: harmless Summ miscast
 20819 | Snake:1  | XOM: mild Pois miscast
 20981 | Snake:2  | Noticed a nagaraja
 20983 | Snake:2  | XOM: potion effect (brilliance)
 21056 | Snake:1  | XOM: silly message
 21076 | Snake:1  | Reached skill level 16 in Armour
 21105 | Snake:2  | XOM: potion effect (might)
 21108 | Snake:2  | Killed a nagaraja
 21108 | Snake:2  | Reached skill level 15 in Dodging
 21127 | Snake:2  | XOM: divination: magic mapping
 21135 | Snake:2  | XOM: silly message
 21136 | Snake:2  | Noticed Aizul
 21157 | Snake:2  | Found a flickering gateway to a bazaar.
 21168 | Snake:2  | XOM: silly message
 21169 | Snake:2  | XOM: potion effect (might)
 21177 | Snake:2  | XOM: potion effect (agility)
 21182 | Snake:2  | XOM: divination: magic mapping
 21184 | Snake:2  | Reached skill level 16 in Fighting
 21214 | Snake:2  | Killed Aizul
 21238 | Bazaar   | Entered a bazaar
 21238 | Bazaar   | Found Poiss's General Store.
 21238 | Bazaar   | Found Qibal's Antique Armour Shop.
 21245 | Bazaar   | Bought a pair of glowing gloves for 336 gold pieces
 21260 | Bazaar   | Bought a potion of flight for 45 gold pieces
 21260 | Bazaar   | Bought a scroll of magic mapping for 52 gold pieces
 21260 | Bazaar   | Bought 2 potions of curing for 90 gold pieces
 21260 | Bazaar   | Bought a scroll of remove curse for 45 gold pieces
 21334 | Snake:2  | Noticed Frances
 21364 | Snake:2  | XOM: cast spell 'Call Canine Familiar'
 21368 | Snake:2  | XOM: divination: magic mapping
 21376 | Snake:2  | Killed Frances
 21414 | Snake:2  | Noticed Nikola
 21432 | Snake:2  | XOM: mild Air miscast
 21440 | Snake:2  | Killed Nikola
 21584 | Snake:2  | XOM: harmless Fire miscast
 21759 | Snake:2  | Noticed a nagaraja
 21772 | Snake:2  | Killed a nagaraja
 21777 | Snake:2  | Reached XP level 16. HP: 128/155 MP: 7/15
 22027 | Snake:2  | XOM: enchant monster (bad)
 22057 | Snake:2  | XOM: summons friendly shadow imp
 22265 | Snake:3  | XOM: 1-stop teleportation journey
 22297 | Snake:3  | XOM: chaos upgrade
 22419 | Snake:3  | Found Faizoyc's Weapon Shop.
 22424 | Snake:3  | Reached skill level 17 in Long Blades
 22501 | Snake:3  | Got an opalescent robe
 22523 | Snake:3  | XOM: god gift: runed battleaxe {god gift}
 22634 | Snake:3  | XOM: fog
 22648 | Snake:3  | XOM: enchant monster (bad)
 22668 | Snake:3  | XOM: confuse monster(s)
 22718 | Snake:3  | Found Surah's Jewellery Shop.
 22718 | Snake:3  | Found Jitup's Gadget Shoppe.
 22719 | Snake:3  | Found Omudarch's Gadget Shoppe.
 22758 | Snake:3  | XOM: cloud trail
 22787 | Snake:3  | Reached skill level 17 in Armour
 23145 | Lair:2   | XOM: repel stairs
 23151 | Lair:2   | XOM: chaos cloud
 24017 | Snake:3  | Reached skill level 1 in Evocations
 24064 | Snake:3  | XOM: mild Erth miscast
 24089 | Snake:3  | Bought a box of beasts for 300 gold pieces
 24092 | Snake:3  | Bought an uncursed ring of protection from fire for 425 gold pieces
 24092 | Snake:3  | Bought a +4 amulet of reflection for 425 gold pieces
 24132 | Snake:4  | Entered Level 4 of the Snake Pit
 24174 | Snake:4  | Identified a scroll of acquirement
 24213 | Snake:4  | XOM: stat loss: -1 Dex (23/24)
 24386 | Snake:4  | XOM: harmless Hex miscast
 24404 | Snake:4  | XOM: give mutations
 24404 | Snake:4  | Lost mutation: Your mind is acute. (Int +2) [Xom's mischief]
 24404 | Snake:4  | Lost mutation: You have a pair of large horns on your head. [Xom's mischief]
 24404 | Snake:4  | Lost mutation: You have sharp toenails. [Xom's mischief]
 24405 | Snake:4  | XOM: divine lightning
 24408 | Snake:4  | XOM: 2-stop teleportation journey
 24419 | Snake:4  | Reached skill level 17 in Fighting
 24439 | Snake:4  | XOM: cast spell 'Discord'
 24442 | Snake:4  | Reached skill level 16 in Dodging
 24471 | Snake:4  | XOM: fake destruction
 24474 | Snake:4  | XOM: enchant monster (good)
 24482 | Snake:4  | Reached skill level 2 in Evocations
 24487 | Snake:4  | XOM: harmless Tloc miscast
 24492 | Snake:4  | XOM: cast spell 'Summon Small Mammal'
 24498 | Snake:4  | XOM: harmless Erth miscast
 24502 | Snake:4  | XOM: cast spell 'Spider Form'
 24705 | Snake:4  | XOM: harmless Erth miscast
 24750 | Snake:4  | XOM: harmless Chrm miscast
 24853 | Snake:4  | XOM: enchant monster (bad)
 24887 | Snake:4  | XOM: divination: detect creatures
 24888 | Snake:4  | XOM: harmless Chrm miscast
 25033 | Snake:4  | Reached skill level 3 in Evocations
 25076 | Snake:4  | XOM: harmless Conj miscast
 25323 | Snake:4  | XOM: cast spell 'Call Canine Familiar'
 25332 | Snake:4  | Reached XP level 17. HP: 155/166 MP: 18/18
 25379 | Snake:4  | XOM: cast spell 'Cause Fear'
 25455 | Snake:4  | XOM: enchant monster (bad)
 25520 | Snake:4  | XOM: divination: detect creatures
 25611 | Snake:4  | XOM: cloud trail
 25661 | Snake:4  | XOM: divination: magic mapping
 25709 | Snake:4  | XOM: harmless Conj miscast
 25762 | Snake:4  | XOM: divination: magic mapping
 25768 | Snake:4  | XOM: potion effect (haste)
 25781 | Snake:4  | XOM: mild Ice miscast
 25850 | Snake:4  | XOM: divination: magic mapping
 25854 | Snake:4  | Reached skill level 4 in Evocations
 25958 | Snake:4  | Reached skill level 18 in Long Blades
 25958 | Snake:4  | XOM: enchant monster (good)
 26245 | Snake:4  | XOM: give mutation
 26245 | Snake:4  | Lost mutation: Your flesh is cold resistant. (rC+) [Xom's mischief]
 26259 | Snake:4  | XOM: harmless Tmut miscast
 26305 | Snake:4  | Got a serpentine rune of Zot
 26460 | Snake:4  | Found Meokh's Book Boutique.
 26654 | Snake:4  | Reached skill level 5 in Evocations
 27160 | Lair:6   | Noticed Rupert
 27273 | Lair:6   | XOM: noise
 27287 | Lair:6   | XOM: summons 16 friendly demons
 27288 | Lair:6   | kek
 27297 | Lair:6   | Killed Rupert
 27440 | Lair:6   | Found a staircase to the Slime Pits.
 27471 | Lair:6   | Reached skill level 18 in Armour
 27529 | Lair:6   | XOM: swap monsters
 27874 | Lair:6   | XOM: mild Tmut miscast
 27877 | Lair:6   | XOM: polymorph merfolk avatar -> emperor scorpion
 27879 | Lair:6   | Reached skill level 18 in Fighting
 27883 | Lair:6   | XOM: draining
 27889 | Lair:6   | XOM: 1-stop teleportation journey
 28059 | Lair:6   | XOM: give mutations
 28059 | Lair:6   | Lost mutation: Your spells are harder to cast, but more powerful. [Xom's mischief]
 28059 | Lair:6   | Lost mutation: You are partially covered in rugged brown scales. (AC +1, +3% HP) [Xom's mischief]
 28134 | Lair:5   | XOM: swap monsters
 28179 | Lair:3   | XOM: give mutations
 28179 | Lair:3   | Lost mutation: You are somewhat resistant to both further mutation and mutation removal. [Xom's grace]
 28179 | Lair:3   | Lost mutation: You are somewhat resistant to further mutation. [Xom's grace]
 28179 | Lair:3   | Gained mutation: You evolve. [Xom's grace]
 28179 | Lair:3   | Gained mutation: You have an increased reservoir of magic. (+10% MP) [Xom's grace]
 28179 | Lair:3   | Gained mutation: Your flesh is cold resistant. (rC+) [Xom's grace]
 28288 | Lair:2   | XOM: confuse monster(s)
 28342 | Lair:2   | XOM: cast spell 'Call Canine Familiar'
 28424 | Lair:2   | XOM: destruction
 28469 | Lair:2   | XOM: polymorph killer bee -> ooze
 28530 | Lair:2   | XOM: divination: magic mapping
 28766 | Lair:2   | XOM: cloud trail
 28881 | Shoals:1 | Entered Level 1 of the Shoals
 29006 | Shoals:1 | Noticed Donald
 29017 | Shoals:1 | Killed Donald
 29020 | Shoals:1 | Reached skill level 17 in Dodging
 29337 | Shoals:1 | XOM: god gift: 36 gold pieces
 29409 | Shoals:2 | Reached skill level 6 in Evocations
 29410 | Shoals:2 | Reached XP level 18. HP: 172/172 MP: 23/23
 29463 | Shoals:2 | XOM: divination: magic mapping
 29503 | Shoals:2 | XOM: summons 3 friendly demons
 29510 | Shoals:2 | XOM: potion effect (experience)
 29510 | Shoals:2 | Reached skill level 7 in Evocations
 29510 | Shoals:2 | Reached XP level 19. HP: 179/179 MP: 23/26
 29615 | Shoals:2 | XOM: cloud trail
 29670 | Shoals:2 | XOM: scenery: create altars
 29674 | Shoals:2 | XOM: potion effect (heal wounds)
 29696 | Shoals:2 | XOM: give mutations
 29696 | Shoals:2 | Gained mutation: You are resistant to hostile enchantments. (MR+) [Xom's grace]
 29696 | Shoals:2 | Gained mutation: You have sharp toenails. [Xom's grace]
 29696 | Shoals:2 | Gained mutation: Your mind is acute. (Int +2) [Xom's grace]
 29696 | Shoals:2 | Gained mutation: Your spells are harder to cast, but more powerful. [Xom's grace]
 29741 | Shoals:2 | XOM: enchant monster (good)
 29782 | Shoals:2 | XOM: summons 7 friendly demons
 29787 | Shoals:2 | Reached skill level 8 in Evocations
 30164 | Shoals:2 | XOM: god gift: bread ration
 30359 | Shoals:3 | Found Heplaudgh's General Store.
 30366 | Shoals:3 | Bought a scroll of enchant weapon for 75 gold pieces
 30366 | Shoals:3 | Bought a scroll of teleportation for 30 gold pieces
 30436 | Shoals:2 | XOM: confuse monster(s)
 30471 | Shoals:3 | Found Gimom's Food Shoppe.
 30510 | Shoals:3 | Found Fuyna Dio's Food Shop.
 30636 | Shoals:3 | XOM: 10-stop teleportation journey
 30685 | Shoals:3 | Gained mutation: You have a somewhat thin skeletal structure. (Dex +2, Stealth) [evolution]
 30738 | Shoals:3 | Reached skill level 19 in Long Blades
 30743 | Shoals:3 | Found Canloos's Book Boutique.
 30797 | Shoals:3 | Noticed Jorgrun
 30800 | Shoals:3 | XOM: harmless Erth miscast
 30802 | Shoals:3 | XOM: summons 3 friendly demons
 30806 | Shoals:3 | Killed Jorgrun
 30829 | Shoals:3 | XOM: divination: detect items
 30859 | Shoals:3 | Found Ilogylee's Antique Armour Boutique.
 30867 | Shoals:3 | Bought a pair of glowing gloves for 430 gold pieces
 30867 | Shoals:3 | Bought a pair of runed boots for 430 gold pieces
 31017 | Shoals:3 | XOM: summons 4 hostile shadow creatures
 31099 | Shoals:4 | Entered Level 4 of the Shoals
 31106 | Shoals:4 | XOM: cast spell 'Summon Mana Viper'
 31228 | Shoals:4 | Noticed Mara
 31244 | Shoals:4 | XOM: confuse monster(s)
 31260 | Shoals:4 | XOM: polymorph Mara -> Mara
 31273 | Shoals:4 | Noticed esc's illusion
 31284 | Shoals:4 | XOM: confuse monster(s)
 31294 | Shoals:4 | Killed Mara
 31296 | Shoals:4 | XOM: potion effect (invisibility)
 31307 | Shoals:4 | XOM: harmless Chrm miscast
 31498 | Shoals:4 | XOM: divination: detect creatures
 31765 | Shoals:4 | XOM: give mutations
 31765 | Shoals:4 | Lost mutation: You have sharp toenails. [Xom's mischief]
 31765 | Shoals:4 | Lost mutation: You are resistant to hostile enchantments. (MR+) [Xom's mischief]
 31765 | Shoals:4 | Lost mutation: Your system is resistant to poisons. (rPois) [Xom's mischief]
 31765 | Shoals:4 | Lost mutation: Your muscles are very strong. (Str +4) [Xom's mischief]
 31774 | Shoals:4 | XOM: harmless Air miscast
 31787 | Shoals:4 | Reached skill level 9 in Evocations
 31819 | Shoals:4 | XOM: god gift: 3 needles of sleeping
 31858 | Shoals:4 | Noticed Ilsuiw
 31861 | Shoals:4 | XOM: give mutations
 31861 | Shoals:4 | Gained mutation: You are very agile. (Dex +4) [Xom's grace]
 31861 | Shoals:4 | Gained mutation: You have a beak for a mouth. [Xom's grace]
 31861 | Shoals:4 | Gained mutation: You have sharp toenails. [Xom's grace]
 31861 | Shoals:4 | Gained mutation: Your spells are much harder to cast, but much more powerful. [Xom's grace]
 31914 | Shoals:4 | Reached skill level 19 in Armour
 31923 | Shoals:4 | HP: 35/181 [faun/club[a satyr] (24)]
 31924 | Shoals:4 | HP: 13/181 [merfolk impaler/trident (14)]
 31932 | Shoals:4 | HP: 44/181 [merfolk impaler/trident of flaming (8)]
 31941 | Shoals:4 | HP: 42/181 [sea snake (9)]
 31946 | Shoals:4 | XOM: enchant monster (bad)
 32173 | Shoals:4 | XOM: severe Summ miscast
 32208 | Shoals:4 | XOM: summons 4 friendly demons
 32426 | Shoals:4 | Identified the Guide on Earthen Fire
 32784 | Shoals:4 | XOM: summons 4 friendly demons
 32822 | Shoals:4 | Got a barnacled rune of Zot
 32847 | Shoals:4 | XOM: divination: magic mapping
 32875 | Shoals:4 | XOM: 4-stop teleportation journey
 32876 | Shoals:4 | XOM: enchant monster (good)
 32915 | Shoals:4 | Killed Ilsuiw
 32915 | Shoals:4 | Reached skill level 19 in Fighting
 33024 | Shoals:4 | Reached XP level 20. HP: 171/191 MP: 28/28
 33376 | D:13     | XOM: butterfly on damage
 33485 | D:13     | XOM: divination: detect creatures
 33731 | D:13     | XOM: harmless Divn miscast
 33941 | D:14     | Found a sparkling altar of Nemelex Xobeh.
 34160 | D:14     | Reached skill level 18 in Dodging
 34204 | D:14     | Noticed Kirke
 34208 | D:14     | XOM: summons friendly ufetubus
 34211 | D:14     | Killed Kirke
 34536 | D:14     | XOM: give mutations
 34536 | D:14     | Lost mutation: You possess an exceptional clarity of mind. [Xom's mischief]
 34536 | D:14     | Lost mutation: Your muscles are strong. (Str +2) [Xom's mischief]
 34602 | D:14     | XOM: harmless Conj miscast
 34761 | D:15     | Entered Level 15 of the Dungeon
 35000 | D:15     | XOM: potion effect (agility)
 35047 | D:15     | XOM: fog
 35064 | D:15     | XOM: cloud trail
 35081 | D:15     | XOM: harmless Necr miscast
 35095 | D:15     | XOM: scenery: create altars
 35098 | D:15     | XOM: enchant monster (good)
 35120 | D:15     | Found a staircase to the Depths.
 35265 | D:15     | XOM: summons 4 friendly demons
 35606 | Depths:1 | Entered Level 1 of the Depths
 35633 | Depths:1 | XOM: summons friendly crimson imp
 35672 | Depths:1 | XOM: potion effect (might)
 35689 | Depths:1 | Reached skill level 10 in Evocations
 35696 | Depths:1 | XOM: summons friendly quasit
 35697 | Depths:1 | XOM: summons 6 hostile demons
 35709 | Depths:1 | XOM: stat loss: -1 Dex (28/29)
 35822 | Depths:1 | Noticed the Enchantress
 35837 | Depths:1 | XOM: 1-stop teleportation journey
 35838 | Depths:1 | XOM: blink monster(s)
 35897 | Depths:1 | Found a gateway to Hell.
 35901 | Depths:1 | XOM: scenery: create altars
 35945 | Depths:1 | XOM: cast spell 'Summon Ice Beast'
 35985 | Depths:1 | Reached skill level 20 in Long Blades
 36012 | Depths:1 | Found a one-way gate to the infinite horrors of the Abyss.
 36237 | Depths:1 | Killed the Enchantress
 36268 | Depths:1 | Got faerie dragon scales
 36522 | Depths:2 | XOM: polymorph frost giant -> azure jelly
 36527 | Depths:2 | XOM: destruction
 36617 | Depths:2 | XOM: summons friendly iron imp
 36634 | Depths:2 | Paralysed by something for 6 turns
 36855 | Depths:2 | XOM: fog
 36864 | Depths:2 | XOM: divination: detect creatures
 36870 | Depths:2 | XOM: scenery: create altars
 36928 | Depths:2 | XOM: fog
 36966 | Depths:2 | Found a gateway to a ziggurat.
 36974 | Depths:2 | Found Boji's Book Shop.
 37032 | Depths:2 | XOM: summons 13 friendly demons
 37055 | Depths:2 | Reached skill level 20 in Armour
 37086 | Depths:2 | Found a portal to a secret trove of treasure.
 37183 | Depths:2 | XOM: confuse monster(s)
 37204 | Depths:2 | Reached XP level 21. HP: 167/200 MP: 31/31
 37412 | Depths:2 | Identified the +1 faerie dragon scales {rC+ MR+} (You took it off the Enchantress on level 1 of the Depths)
 37624 | Depths:2 | XOM: summons friendly crimson imp
 37658 | Depths:2 | XOM: summons friendly white imp
 37678 | Depths:2 | XOM: enchant monster (good)
 37682 | Depths:2 | XOM: fog
 37688 | Depths:2 | Paralysed by a floating eye for 3 turns
 37703 | Depths:2 | Reached skill level 11 in Evocations
 37798 | Depths:2 | XOM: cloud trail
 37818 | Depths:2 | XOM: summons friendly ufetubus
 37821 | Depths:2 | XOM: give mutation
 37821 | Depths:2 | Gained mutation: You have a considerably increased reservoir of magic. (+20% MP) [Xom's grace]
 37885 | Depths:2 | XOM: cast spell 'Olgreb's Toxic Radiance'
 37893 | Depths:2 | XOM: scenery: create altars
 37898 | Depths:2 | XOM: summons friendly shadow imp
 37924 | Depths:2 | XOM: polymorph sphinx -> iron troll
 38072 | Depths:2 | XOM: smoke on damage
 38080 | Depths:2 | Reached skill level 20 in Fighting
 38140 | Depths:2 | XOM: enchant monster (good)
 38282 | Depths:2 | XOM: polymorph tengu reaver -> sphinx
 38291 | Depths:2 | Reached skill level 19 in Dodging
 38296 | Depths:2 | XOM: smoke on damage
 38751 | Depths:2 | Paralysed by a great orb of eyes for 3 turns
 39016 | Depths:3 | Noticed a caustic shrike
 39030 | Depths:3 | XOM: give mutations
 39030 | Depths:3 | Gained mutation: Your mind is very acute. (Int +4) [Xom's grace]
 39030 | Depths:3 | Lost mutation: You evolve. [Xom's grace]
 39030 | Depths:3 | Gained mutation: You are somewhat resistant to further mutation. [Xom's grace]
 39074 | Depths:3 | Killed a caustic shrike
 39091 | Depths:3 | XOM: 3-stop teleportation journey
 39201 | Depths:3 | Noticed Boris
 39240 | Depths:3 | XOM: enchant monster (good)
 39264 | Depths:3 | Killed Boris
 39299 | Depths:3 | XOM: potion effect (heal wounds)
 39322 | Depths:2 | XOM: god gift: 36 gold pieces
 39586 | Depths:3 | Found a one-way gate leading to the halls of Pandemonium.
 39709 | Depths:3 | Reached skill level 21 in Long Blades
 39713 | Depths:3 | Got a fine demon blade {pain}
 39719 | Depths:3 | Identified the +7 demon blade "Sosor" {pain, rElec rF+ Int+3 Dex-2} (You took it off a deep elf annihilator on level 3 of the Depths)
 39763 | Depths:3 | Identified the Tome of the Traveller
 39769 | Depths:3 | Learned a level 1 spell: Apportation
 39825 | Depths:3 | XOM: cast spell 'Call Canine Familiar'
 39852 | Depths:3 | Noticed Saint Roka
 39943 | Depths:3 | Noticed Xtahua
 39956 | Depths:3 | XOM: swap monsters
 39958 | Depths:3 | XOM: confusion
 39963 | Depths:3 | XOM: stat loss: -1 Int (12/13)
 39965 | Depths:3 | XOM: give mutation
 39965 | Depths:3 | Lost mutation: You are somewhat resistant to further mutation. [Xom's mischief]
 39975 | Depths:3 | XOM: harmless Tloc miscast
 39983 | Depths:3 | Killed Xtahua
 40013 | Depths:3 | XOM: enchant monster (bad)
 40039 | Depths:3 | XOM: harmless Erth miscast
 40051 | Depths:3 | Killed Saint Roka
 40051 | Depths:3 | Reached skill level 12 in Evocations
 40095 | Depths:3 | XOM: give mutations
 40095 | Depths:3 | Lost mutation: Your mind is very acute. (Int +4) [Xom's mischief]
 40095 | Depths:3 | Lost mutation: You have sharp fingernails. [Xom's mischief]
 40095 | Depths:3 | Lost mutation: Your flesh is cold resistant. (rC+) [Xom's mischief]
 40163 | Depths:3 | XOM: harmless Chrm miscast
 40264 | Depths:3 | XOM: summons 2 hostile demons
 40513 | Depths:4 | XOM: confusion (+ monsters)
 40524 | Depths:4 | Reached XP level 22. HP: 196/211 MP: 36/36
 40643 | Depths:4 | XOM: cleaving
 40647 | Depths:4 | XOM: confusion
 40649 | Depths:4 | XOM: 1-stop teleportation journey
 40654 | Depths:4 | XOM: severe Erth miscast
 40669 | Depths:4 | XOM: scenery: create altars
 40844 | Depths:4 | XOM: confusion
 40859 | Depths:4 | XOM: stat loss: -1 Dex (28/29)
 40861 | Depths:4 | XOM: mild Conj miscast
 40881 | Depths:4 | Reached skill level 21 in Armour
 41216 | Depths:4 | XOM: harmless Summ miscast
 41267 | Depths:4 | XOM: swap monsters
 41362 | Depths:4 | Got a dazzling ring mail
 41373 | Depths:4 | Identified the +1 ring mail of the Special Wars {rElec Str+2} (You found it on level 4 of the Depths)
 41431 | Depths:4 | XOM: divination: detect items
 41697 | Depths:4 | XOM: summons 5 hostile demons
 41727 | Depths:4 | XOM: enchant monster (bad)
 41734 | Depths:4 | XOM: summons 1 hostile demon
 41739 | Depths:4 | XOM: scenery: create altars
 41794 | Depths:5 | Entered Level 5 of the Depths
 41810 | Depths:5 | XOM: mild Summ miscast
 41830 | Depths:5 | XOM: mild Chrm miscast
 41849 | Depths:5 | XOM: summons friendly shadow imp
 41868 | Depths:5 | XOM: divination: detect creatures
 41897 | Depths:5 | XOM: cast spell 'Ring of Flames'
 41903 | Depths:5 | XOM: potion effect (might)
 42051 | Depths:5 | XOM: cast spell 'Ring of Flames'
 42052 | Depths:5 | XOM: potion effect (agility)
 42146 | Depths:5 | XOM: enchant monster (good)
 42228 | Depths:5 | XOM: smoke on damage
 42270 | Depths:5 | XOM: cast spell 'Call Canine Familiar'
 42277 | Depths:5 | XOM: enchant monster (good)
 42282 | Depths:5 | XOM: scenery: create altars
 42284 | Depths:5 | XOM: confuse monster(s)
 42293 | Depths:5 | XOM: polymorph shadow dragon -> iron dragon
 42294 | Depths:5 | Noticed Mennas
 42322 | Depths:5 | XOM: divination: detect items
 42341 | Depths:5 | Reached skill level 21 in Fighting
 42399 | Depths:5 | XOM: summons friendly ice devil
 42454 | Depths:5 | XOM: enchant monster (good)
 42464 | Depths:5 | XOM: cast spell 'Summon Dragon'
 42474 | Depths:5 | XOM: fog
 42479 | Depths:5 | Killed Mennas
 42479 | Depths:5 | Reached skill level 20 in Dodging
 42496 | Depths:5 | Identified a +0 lightning rod (9/9) (You took it off a spriggan defender on level 5 of the Depths)
 42536 | Depths:5 | XOM: god gift: scale mail {god gift}
 42541 | Depths:5 | XOM: cast spell 'Monstrous Menagerie'
 42569 | Depths:5 | XOM: summons 3 friendly demons
 42850 | Depths:5 | XOM: cast spell 'Summon Dragon'
 42876 | Depths:5 | Noticed a golden dragon
 42884 | Depths:5 | Killed a golden dragon
 42890 | Depths:5 | Noticed a golden dragon
 42891 | Depths:5 | XOM: enchant monster (good)
 42904 | Depths:5 | Killed a golden dragon
 42944 | Depths:5 | XOM: fog
 42945 | Depths:5 | Reached skill level 13 in Evocations
 43000 | Depths:5 | XOM: scenery: create altars
 43046 | Depths:5 | XOM: give mutations
 43046 | Depths:5 | Lost mutation: You have a considerably increased reservoir of magic. (+20% MP) [Xom's mischief]
 43046 | Depths:5 | Lost mutation: Your mind is acute. (Int +2) [Xom's mischief]
 43046 | Depths:5 | Gained mutation: You have razor-sharp toenails. [Xom's mischief]
 43233 | Depths:5 | XOM: cleaving
 43366 | Depths:5 | Found a gate to the Realm of Zot.
 43415 | Depths:4 | XOM: divination: magic mapping
 43425 | Depths:4 | XOM: cloud trail
 43618 | Vaults:1 | Entered Level 1 of the Vaults
 43673 | Vaults:1 | XOM: summons friendly iron imp
 43785 | Vaults:1 | XOM: polymorph yaktaur -> fire crab
 43873 | Vaults:1 | XOM: mild Pois miscast
 43912 | Vaults:1 | Found a magical portal.
 43918 | WizLab   | Entered Wucad Mu's Monastery
 43980 | WizLab   | XOM: polymorph grey draconian monk -> dire elephant
 44011 | WizLab   | XOM: torment (94/213 hp)
 44037 | WizLab   | HP: 50/213 [grey draconian monk[old memories] (18)]
 44072 | WizLab   | XOM: severe Pois miscast
 44167 | Vaults:1 | Reached XP level 23. HP: 134/220 MP: 35/35
 44320 | Vaults:1 | XOM: stat loss: -1 Int (8/9)
 44442 | Vaults:1 | XOM: 4-stop teleportation journey
 44516 | Vaults:1 | XOM: confusion
 44551 | Vaults:1 | Reached skill level 22 in Long Blades
 44554 | Vaults:1 | XOM: polymorph ironbrand convoker -> redback
 44974 | Vaults:2 | XOM: noise
 45019 | Vaults:2 | XOM: god gift: ring mail {god gift}
 45103 | Vaults:2 | XOM: confuse monster(s)
 45160 | Vaults:2 | XOM: cast spell 'Necromutation'
 45360 | Vaults:2 | Noticed Margery
 45362 | Vaults:2 | XOM: harmless Conj miscast
 45381 | Vaults:2 | Killed Margery
 45386 | Vaults:2 | XOM: summons 2 friendly demons
 45396 | Vaults:2 | XOM: polymorph iron imp -> quasit
 45398 | Vaults:2 | XOM: summons 4 friendly demons
 45406 | Vaults:2 | XOM: mild Erth miscast
 45757 | Vaults:2 | Got a dazzling long sword
 45758 | Vaults:2 | Identified the +7 long sword of Terror {pain, *Slow Fragile Dex+5 Stlth+} (You found it on level 2 of the Vaults)
 45801 | Vaults:2 | Reached skill level 22 in Armour
 45822 | Vaults:2 | XOM: harmless Tmut miscast
 45897 | Vaults:2 | Found Mus Soad's Assorted Antiques.
 45904 | Vaults:2 | Bought a scroll of recharging for 285 gold pieces
 46479 | Vaults:3 | XOM: silly message
 46553 | Vaults:3 | XOM: noise
 46556 | Vaults:3 | XOM: chaos upgrade
 46559 | Vaults:3 | XOM: 2-stop teleportation journey
 46594 | Vaults:3 | XOM: give mutations
 46594 | Vaults:3 | Lost mutation: Your spells are much harder to cast, but much more powerful. [Xom's mischief]
 46594 | Vaults:3 | Lost mutation: You are very agile. (Dex +4) [Xom's mischief]
 46594 | Vaults:3 | Gained mutation: Scrolls take you a little longer to read. [Xom's mischief]
 46632 | Vaults:3 | XOM: silly message
 46658 | Vaults:3 | XOM: repel stairs
 46707 | Vaults:3 | XOM: cast spell 'Confusing Touch'
 46869 | Vaults:3 | Found a staircase to the Crypt.
 46973 | Vaults:3 | Reached skill level 22 in Fighting
 47063 | Vaults:3 | XOM: divination: magic mapping
 47095 | Vaults:3 | XOM: cast spell 'Ice Form'
 47188 | Vaults:3 | XOM: silly message
 47250 | Vaults:3 | XOM: cast spell 'Ice Form'
 47435 | Vaults:3 | XOM: divination: detect creatures
 47512 | Vaults:3 | Reached skill level 14 in Evocations
 47538 | Vaults:3 | XOM: enchant monster (good)
 47794 | Vaults:3 | XOM: divination: detect creatures
 47856 | Vaults:3 | XOM: scenery: 1 doors open
 48074 | Vaults:4 | XOM: divination: detect items
 48089 | Vaults:4 | XOM: silly message
 48099 | Vaults:4 | XOM: potion effect (agility)
 48109 | Vaults:4 | Reached XP level 24. HP: 222/231 MP: 35/35
 48252 | Vaults:4 | XOM: cast spell 'Leda's Liquefaction'
 48261 | Vaults:4 | Reached skill level 21 in Dodging
 48433 | Vaults:4 | XOM: potion effect (berserk rage)
 48538 | Vaults:4 | XOM: silly message
 48569 | Vaults:4 | XOM: god gift: 29 gold pieces
 48582 | Vaults:4 | XOM: confuse monster(s)
 48820 | Vaults:4 | XOM: cast spell 'Cause Fear'
 48827 | Vaults:4 | XOM: mild Necr miscast
 48864 | Vaults:4 | XOM: divination: detect creatures
 48881 | Vaults:4 | XOM: mild Tloc miscast
 49157 | Vaults:4 | XOM: mild Tmut miscast
 49202 | Vaults:4 | Reached skill level 23 in Long Blades
 49205 | Vaults:4 | XOM: give mutations
 49205 | Vaults:4 | Lost mutation: You have razor-sharp toenails. [Xom's mischief]
 49205 | Vaults:4 | Gained mutation: You occasionally shout uncontrollably at your foes. [Xom's mischief]
 49205 | Vaults:4 | Lost mutation: Your spells are harder to cast, but more powerful. [Xom's mischief]
 49205 | Vaults:4 | Lost mutation: Your natural rate of healing is unusually fast. [Xom's mischief]
 49237 | Vaults:4 | XOM: medium Hex miscast
 49383 | Vaults:4 | XOM: blink monster(s)
 49726 | Elf:1    | Entered Level 1 of the Elven Halls
 49813 | Elf:1    | XOM: confuse monster(s)
 50036 | Elf:1    | XOM: harmless Necr miscast
 50133 | Elf:1    | Found a deep blue altar of Sif Muna.
 50148 | Elf:1    | Found Hiun's Gadget Emporium.
 50151 | Elf:1    | Found Qumenoj's Assorted Antiques.
 50151 | Elf:1    | Found Asecs's Antique Weapon Emporium.
 50154 | Elf:1    | Found Fuuqeon's Jewellery Shoppe.
 50169 | Elf:1    | Bought a scorched great sword for 172 gold pieces
 50169 | Elf:1    | Identified the cursed +0 great sword "Vorocru" {speed, *Rage +Rage rC+ Str+2} (You bought it in a shop on level 1 of the Elven Halls)
 50733 | Elf:2    | XOM: potion effect (curing)
 50773 | Elf:2    | XOM: silly message
 50781 | Elf:2    | Reached skill level 23 in Armour
 51112 | Elf:2    | Found an ancient bone altar of Kikubaaqudgha.
 51238 | Elf:2    | XOM: smoke on damage
 51402 | Elf:2    | Found a large runed door.
 51402 | Elf:2    | Found a large runed door.
 51424 | Elf:2    | Found a large runed door.
 51424 | Elf:2    | Found a large runed door.
 51631 | Elf:2    | XOM: confuse monster(s)
 51647 | Elf:2    | XOM: cast spell 'Cause Fear'
 51730 | Elf:2    | Reached skill level 15 in Evocations
 51991 | Elf:2    | XOM: noise
 52166 | Elf:2    | XOM: mild Summ miscast
 52287 | Elf:2    | XOM: confuse monster(s)
 52314 | Elf:2    | Found a deep blue altar of Sif Muna.
 52372 | Elf:3    | Entered Level 3 of the Elven Halls
 52454 | Elf:3    | XOM: harmless Erth miscast
 52457 | Elf:3    | XOM: chaos cloud
 52526 | Elf:3    | XOM: god gift: papyrus book {god gift}
 52528 | Elf:3    | XOM: mild Tloc miscast
 52566 | Elf:3    | XOM: mild Air miscast
 52586 | Elf:3    | Reached XP level 25. HP: 159/240 MP: 36/36
 52605 | Elf:2    | Reached skill level 23 in Fighting
 52979 | Elf:3    | XOM: confuse monster(s)
 52981 | Elf:3    | XOM: swap monsters
 53018 | Elf:3    | XOM: harmless Summ miscast
 53046 | Elf:3    | XOM: summons friendly ufetubus
 53106 | Elf:3    | Got a heavily runed leather armour
 53264 | Elf:3    | XOM: noise
 53266 | Elf:3    | XOM: harmless Hex miscast
 53310 | Elf:3    | Identified a +5 rod of shadows (3/11) (You took it off a deep elf death mage on level 3 of the Elven Halls)
 53399 | Elf:3    | Identified the ring of Gyegruiso {*Tele rC+} (You took it off a deep elf annihilator on level 3 of the Elven Halls)
 53509 | Elf:3    | XOM: give mutations
 53509 | Elf:3    | Lost mutation: You have a somewhat thin skeletal structure. (Dex +2, Stealth) [Xom's mischief]
 53509 | Elf:3    | Gained mutation: Scrolls take you longer to read. [Xom's mischief]
 53509 | Elf:3    | Lost mutation: You occasionally shout uncontrollably at your foes. [Xom's mischief]
 53973 | Elf:3    | XOM: 3-stop teleportation journey
 54112 | Elf:3    | XOM: enchant monster (good)
 54176 | Elf:3    | Identified the Papyrus of Air
 54189 | Elf:3    | Identified the Papyrus of Evil
 54217 | Elf:3    | Identified the Collected Works on the Mutagenic Voyage
 54277 | Elf:3    | XOM: give mutations
 54277 | Elf:3    | Gained mutation: Your flesh is heat resistant. (rF+) [Xom's grace]
 54277 | Elf:3    | Gained mutation: You have a pair of large horns on your head. [Xom's grace]
 54277 | Elf:3    | Gained mutation: Your muscles are strong. (Str +2) [Xom's grace]
 54277 | Elf:3    | Gained mutation: Your flesh is cold resistant. (rC+) [Xom's grace]
 54325 | Elf:3    | XOM: god gift: 8 needles of paralysis
 54546 | Elf:3    | XOM: polymorph deep elf mage -> komodo dragon
 54638 | Elf:1    | XOM: scenery: create altars
 54850 | Vaults:5 | Entered Level 5 of the Vaults
 54869 | Vaults:4 | Reached skill level 22 in Dodging
 54877 | Vaults:4 | XOM: enchant monster (bad)
 54882 | Vaults:4 | XOM: swap monsters
 54917 | Vaults:4 | XOM: harmless Divn miscast
 54919 | Vaults:5 | XOM: blink monster(s)
 54969 | Vaults:4 | XOM: harmless Ice miscast
 54992 | Vaults:4 | XOM: polymorph ironheart preserver -> sphinx
 55087 | Vaults:5 | XOM: cast spell 'Statue Form'
 55157 | Vaults:5 | XOM: potion effect (might)
 55159 | Vaults:4 | XOM: confusion
 55356 | Vaults:4 | XOM: noise
 55516 | Vaults:5 | Reached skill level 24 in Long Blades
 55521 | Vaults:5 | XOM: noise
 55579 | Vaults:4 | XOM: cleaving
 55808 | Vaults:5 | Reached skill level 16 in Evocations
 55858 | Vaults:4 | XOM: mild Erth miscast
 55894 | Vaults:4 | XOM: harmless Summ miscast
 56056 | Vaults:4 | XOM: harmless Summ miscast
 56192 | Vaults:5 | XOM: harmless Summ miscast
 56197 | Vaults:4 | Reached skill level 24 in Armour
 56337 | Vaults:5 | XOM: mild Hex miscast
 56343 | Vaults:5 | Reached XP level 26. HP: 248/253 MP: 37/37
 56419 | Vaults:4 | XOM: mild Divn miscast
 56511 | Vaults:4 | XOM: harmless Hex miscast
 56558 | Vaults:4 | Got a clouded lead ring
 56700 | Vaults:5 | Noticed Bai Suzhen
 56703 | Vaults:5 | Noticed an ancient lich
 57040 | Vaults:4 | XOM: harmless Necr miscast
 57071 | Vaults:4 | XOM: swap monsters
 57081 | Vaults:4 | Killed Bai Suzhen
 57271 | Vaults:4 | XOM: cast spell 'Excruciating Wounds'
 57273 | Vaults:4 | XOM: mild Summ miscast
 57278 | Vaults:4 | Killed an ancient lich
 57279 | Vaults:4 | XOM: cleaving
 57290 | Vaults:4 | XOM: noise
 57458 | Vaults:4 | XOM: give mutation
 57458 | Vaults:4 | Gained mutation: You have sharp fingernails. [Xom's grace]
 57470 | Vaults:4 | XOM: harmless Necr miscast
 57547 | Vaults:5 | Noticed an ancient lich
 57552 | Vaults:5 | XOM: potion effect (curing)
 57614 | Vaults:3 | Identified the ring of the Grey Skies {rPois rF- Str+4 Int+2 Stlth-} (You took it off a vault sentinel on level 4 of the Vaults)
 57734 | Vaults:4 | XOM: divination: magic mapping
 57754 | Vaults:4 | XOM: potion effect (might)
 57762 | Vaults:4 | Got a steaming leather armour
 57792 | Vaults:4 | Killed an ancient lich
 57792 | Vaults:4 | Reached skill level 24 in Fighting
 57984 | Vaults:5 | XOM: divination: detect items
 57995 | Vaults:5 | XOM: god gift: scroll of random uselessness
 58205 | Vaults:5 | XOM: 5-stop teleportation journey
 58295 | Vaults:5 | XOM: confuse monster(s)
 58335 | Vaults:5 | XOM: give mutations
 58335 | Vaults:5 | Lost mutation: You have sharp fingernails. [Xom's mischief]
 58335 | Vaults:5 | Lost mutation: You have a pair of large horns on your head. [Xom's mischief]
 58335 | Vaults:5 | Lost mutation: Your spells are a little harder to cast, but a little more powerful. [Xom's mischief]
 58379 | Vaults:5 | Got a silver rune of Zot
 58381 | Vaults:5 | Got an ancient jade ring
 58384 | Vaults:5 | Identified the ring "Seuz" {rElec rF+++ Str-2 Int+2} (You found it on level 5 of the Vaults)
 58479 | Vaults:5 | XOM: draining
 58540 | Vaults:5 | XOM: cast spell 'Excruciating Wounds'
 58544 | Vaults:5 | XOM: polymorph golden dragon -> hellephant
 58555 | Vaults:5 | XOM: harmless Necr miscast
 58844 | Vaults:5 | Identified a +4 rod of inaccuracy (11/11) (You found it on level 5 of the Vaults)
 59072 | Vaults:5 | Got an ancient plate armour
 59075 | Vaults:5 | Identified the cursed +0 plate armour of Fifrucvo {rPois} (You found it on level 5 of the Vaults)
 59143 | Vaults:5 | Identified the Grimoire of Mutagenic Attacks
 59509 | Shoals:2 | Noticed Polyphemus
 59522 | Shoals:2 | Killed Polyphemus
 59579 | Shoals:3 | Bought a manual of Fighting for 1766 gold pieces
 60119 | Lair:4   | XOM: divination: detect creatures
 60179 | Slime:1  | Entered Level 1 of the Pits of Slime
 60198 | Slime:1  | XOM: cleaving
 60258 | Slime:1  | Gained mutation: You occasionally shout uncontrollably at your foes. [a shining eye]
 60292 | Lair:6   | XOM: give mutation
 60292 | Lair:6   | Gained mutation: You passively map a small area around you. [Xom's grace]
 60391 | Slime:1  | Lost mutation: You are agile. (Dex +2) [a shining eye]
 60403 | Slime:1  | XOM: scenery: create altars
 60653 | Slime:2  | XOM: cleaving
 60700 | Slime:3  | XOM: polymorph acid blob -> iron giant
 60780 | Slime:1  | XOM: cloud trail
 61322 | Slime:4  | XOM: confuse monster(s)
 61327 | Slime:4  | XOM: cleaving
 61358 | Slime:3  | XOM: cast spell 'Disjunction'
 61361 | Slime:3  | XOM: potion effect (agility)
 61371 | Slime:3  | Gained mutation: Your spells are a little easier to cast, but a little less powerful. [a shining eye]
 61373 | Slime:3  | Gained mutation: You are frail. (-10% HP) [a shining eye]
 61376 | Slime:3  | Gained mutation: You are clumsy. (Dex -2) [a shining eye]
 61378 | Slime:3  | Gained mutation: Your spells are easier to cast, but less powerful. [a shining eye]
 61459 | Slime:4  | Reached skill level 23 in Dodging
 61500 | Slime:4  | XOM: harmless Conj miscast
 61502 | Slime:5  | Entered Level 5 of the Pits of Slime
 61524 | Slime:5  | Reached skill level 17 in Evocations
 61750 | Slime:5  | Noticed the Royal Jelly
 61752 | Slime:5  | XOM: cast spell 'Conjure Ball Lightning'
 61754 | Slime:5  | XOM: enchant monster (good)
 61768 | Slime:5  | Killed the Royal Jelly
 61774 | Slime:5  | Reached skill level 25 in Fighting
 61775 | Slime:5  | Reached XP level 27. HP: 151/239 MP: 38/38
 61778 | Slime:5  | XOM: summons 2 friendly demons
 61783 | Slime:5  | Reached skill level 25 in Long Blades
 61796 | Slime:5  | XOM: potion effect (experience)
 62004 | Slime:5  | Got a translucent long sword
 62007 | Slime:5  | Identified the +5 long sword "Tatrett" {freeze, Fragile rPois rF- MR+++} (You found it on level 5 of the Pits of Slime)
 62039 | Slime:5  | Identified the cursed -1 cloak of Axzugyam {rElec Dex+3} (You found it on level 5 of the Pits of Slime)
 62061 | Slime:5  | Got a slimy rune of Zot
 62062 | Slime:5  | Identified the Compendium of Destructive Poisoning
 62136 | Slime:5  | Got a warped chain mail
 62139 | Slime:5  | Identified the +1 chain mail of the Sunfish {rC+} (You found it on level 5 of the Pits of Slime)
 62152 | Slime:5  | Got a slimy lead ring
 62155 | Slime:5  | Identified the ring of Faabeegg {rCorr rPois Dex+4 Slay+3} (You found it on level 5 of the Pits of Slime)
 62159 | Slime:5  | Identified the Papyrus of Assistive Companions
 62180 | Slime:5  | XOM: god gift: knobbly sapphire ring {god gift}
 62269 | Lair:4   | XOM: cloud trail
 62289 | Lair:3   | XOM: god gift: scroll of random uselessness
 62360 | D:9      | XOM: give mutations
 62360 | D:9      | Gained mutation: Your flesh is very heat resistant. (rF++) [Xom's grace]
 62360 | D:9      | Gained mutation: You are partially covered in rugged brown scales. (AC +1, +3% HP) [Xom's grace]
 62360 | D:9      | Gained mutation: You are mostly covered in rugged brown scales. (AC +2, +5% HP) [Xom's grace]
 62360 | D:9      | Gained mutation: Your system is resistant to poisons. (rPois) [Xom's grace]
 62784 | Depths:1 | XOM: harmless Ice miscast
 62814 | Depths:1 | Voluntarily entered the Abyss.
 62845 | Abyss:1  | XOM: confusion
 62884 | Abyss:1  | XOM: god gift: shortbow {god gift}
 62889 | Abyss:1  | XOM: scenery: create altars
 62894 | Abyss:1  | XOM: smoke on damage
 62901 | Abyss:1  | Found a shimmering altar of Xom.
 62923 | Abyss:1  | Found a corrupted altar of Lugonu.
 63024 | Abyss:1  | Reached skill level 25 in Armour
 63119 | Abyss:2  | Found a corrupted altar of Lugonu.
 63145 | Abyss:2  | XOM: fog
 63310 | Abyss:2  | Noticed an ancient lich
 63326 | Abyss:2  | XOM: confuse monster(s)
 63334 | Abyss:2  | Killed an ancient lich
 63375 | Abyss:2  | XOM: divination: magic mapping
 63461 | Abyss:2  | XOM: potion effect (agility)
 63627 | Abyss:2  | XOM: cleaving
 63759 | Abyss:2  | XOM: potion effect (agility)
 63771 | Abyss:2  | Found a deep blue altar of Sif Muna.
 63845 | Abyss:3  | Found a roughly hewn altar of Beogh.
 63935 | Abyss:3  | XOM: summons 9 friendly demons
 63940 | Abyss:3  | XOM: cast spell 'Spider Form'
 63953 | Abyss:3  | XOM: cleaving
 64053 | Abyss:3  | XOM: fake destruction
 64067 | Abyss:3  | XOM: enchant monster (good)
 64070 | Abyss:3  | Found a corrupted altar of Lugonu.
 64115 | Abyss:3  | Gained mutation: You are very frail. (-20% HP) [a neqoxec]
 64157 | Abyss:3  | XOM: polymorph small abomination -> bog body
 64167 | Abyss:3  | XOM: blink monster(s)
 64177 | Abyss:3  | XOM: polymorph small abomination -> wraith
 64190 | Abyss:3  | Paralysed by a great orb of eyes for 3 turns
 64234 | Abyss:3  | XOM: noise
 64239 | Abyss:3  | Got an abyssal rune of Zot
 64251 | Abyss:3  | XOM: noise
 64254 | Abyss:3  | Reached skill level 26 in Fighting
 64299 | Abyss:3  | XOM: stat loss: -1 Dex (25/26)
 64481 | Depths:1 | Escaped the Abyss
 64673 | Zot:1    | Entered Level 1 of the Realm of Zot
 64684 | Zot:1    | XOM: harmless Tloc miscast
 64696 | Zot:1    | XOM: repel stairs
 64699 | Zot:1    | XOM: polymorph purple draconian scorcher -> quicksilver dragon
 64704 | Zot:1    | XOM: harmless Chrm miscast
 64833 | Zot:1    | XOM: medium Conj miscast
 65056 | Zot:2    | XOM: harmless Fire miscast
 65070 | Zot:3    | Noticed an orb of fire
 65073 | Zot:3    | Gained mutation: Potions and wands are less effective at restoring your health. [an orb of fire]
 65081 | Zot:3    | Gained mutation: You are very clumsy. (Dex -4) [an orb of fire]
 65083 | Zot:3    | Killed an orb of fire
 65102 | Zot:5    | Entered Level 5 of the Realm of Zot
 65105 | Zot:5    | XOM: polymorph mottled draconian monk -> dire elephant
 65109 | Zot:5    | XOM: cast spell 'Conjure Ball Lightning'
 65239 | Zot:5    | XOM: 1-stop teleportation journey
 65240 | Zot:5    | Noticed an orb of fire
 65240 | Zot:5    | Noticed an orb of fire
 65242 | Zot:5    | Noticed an orb of fire
 65242 | Zot:5    | Noticed an orb of fire
 65248 | Zot:5    | Reached skill level 18 in Evocations
 65248 | Zot:5    | XOM: enchant monster (good)
 65248 | Zot:5    | Gained mutation: You are occasionally teleported next to monsters. [an orb of fire]
 65253 | Zot:5    | Noticed an orb of fire
 65259 | Zot:5    | Noticed an ancient lich
 65267 | Zot:5    | XOM: confuse monster(s)
 65268 | Zot:5    | Killed an ancient lich
 65289 | Zot:5    | Noticed an orb of fire
 65295 | Zot:5    | XOM: enchant monster (good)
 65299 | Zot:5    | Gained mutation: Armour fits poorly on your strangely shaped body. [an orb of fire]
 65300 | Zot:5    | Killed an orb of fire
 65300 | Zot:5    | Reached skill level 24 in Dodging
 65309 | Zot:5    | Noticed an orb of fire
 65320 | Zot:5    | Killed an orb of fire
 65327 | Zot:5    | XOM: divination: detect creatures
 65336 | Zot:5    | HP: 53/230 [Orb Guardian (12)]
 65357 | Zot:5    | HP: 57/230 [something (5)]
 65363 | Zot:5    | Noticed an ancient lich
 65368 | Zot:5    | HP: 31/230 [something/shard of ice (22)]
 65380 | Zot:5    | Killed from afar by an ancient lich

Skill      XL: |  1  2  3  4  5  6  7  8  9 10 11 12 13 14 15 16 17 18 19 20 21 22 23 24 25 26 27 |
---------------+----------------------------------------------------------------------------------+-----
Armour         | 3 4 5 6 8 9 11 12 14 15 16 17 18 19 20 21 22 23 24 25 | 25.7
Fighting       | 4 5 6 7 8 10 11 12 14 15 16 17 18 19 20 21 22 23 25 26 | 26.7
Long Blades    | 4 5 6 7 8 10 11 13 14 15 16 17 18 19 20 21 22 23 24 25 | 25.9
Dodging        | 2 3 4 5 7 8 10 11 12 14 15 16 17 18 19 20 21 22 23 24 | 24.0
Shields        | 2 4 5 6 |  6.9
Evocations     | 3 6 7 9 10 12 13 14 15 16 17 18 | 18.1

Action                   |  1- 3 |  4- 6 |  7- 9 | 10-12 | 13-15 | 16-18 | 19-21 | 22-24 | 25-27 || total
-------------------------+-------+-------+-------+-------+-------+-------+-------+-------+-------++-------
Melee: Falchion          |    67 |   110 |   224 |   634 |    45 |       |       |       |       ||  1080
       Headbutt          |     9 |    18 |    58 |   212 |   411 |   388 |   771 |   844 |   572 ||  3283
       Kick              |       |    18 |     1 |     1 |       |       |       |       |     9 ||    29
       Great sword       |       |       |       |       |  1038 |   963 |  1819 |  1991 |  1307 ||  7118
       Unarmed           |       |       |       |       |     8 |       |       |     3 |       ||    11
       Peck              |       |       |       |       |       |       |   557 |   830 |   540 ||  1927
 Fire: Blowgun           |       |       |       |     5 |     5 |    12 |     5 |       |       ||    27
 Abil: Blink             |       |       |       |       |       |       |       |     2 |       ||     2
Evoke: Wand              |       |       |     1 |     3 |     7 |    13 |    13 |     6 |    15 ||    58
       Phial of floods   |       |       |       |       |     2 |       |     4 |       |     1 ||     7
       Box of beasts     |       |       |       |       |       |       |     1 |       |     2 ||     3
       Sack of spiders   |       |       |       |       |       |       |     1 |       |    12 ||    13
       Lamp of fire      |       |       |       |       |       |       |     1 |     1 |     1 ||     3
       Rod               |       |       |       |       |       |       |       |       |     4 ||     4
       Fan of gales      |       |       |       |       |       |       |       |       |     1 ||     1
       Phantom mirror    |       |       |       |       |       |       |       |       |     1 ||     1
  Use: Scroll            |     5 |     8 |     7 |    10 |    14 |    11 |    21 |    13 |    24 ||   113
       Potion            |       |       |       |     8 |     6 |     2 |     3 |     3 |    25 ||    47
 Stab: Paralysed         |       |     1 |       |    10 |    10 |     2 |       |     1 |     1 ||    25
       Petrified         |       |       |     9 |    12 |     2 |       |     9 |       |       ||    32
       Confused          |       |       |     1 |     4 |     8 |     5 |     3 |     6 |    11 ||    38
       Petrifying        |       |       |       |     5 |     4 |       |     1 |       |     1 ||    11
       Distracted        |       |       |       |       |     2 |     3 |     5 |     6 |     6 ||    22
       Invisible         |       |       |       |       |       |       |     3 |       |       ||     3
       Sleeping          |       |       |       |       |       |       |     1 |       |       ||     1
  Eat: Chunk             |     7 |    11 |    11 |    21 |    33 |    15 |    25 |    31 |     5 ||   159
       Royal jelly       |       |       |       |       |       |     6 |     6 |     4 |     8 ||    24
       Beef jerky        |       |       |       |       |       |       |     1 |     1 |     2 ||     4
       Pizza             |       |       |       |       |       |       |     1 |       |       ||     1
       Fruit             |       |       |       |       |       |       |       |     2 |     4 ||     6
       Bread ration      |       |       |       |       |       |       |       |       |     2 ||     2
       Meat ration       |       |       |       |       |       |       |       |       |     2 ||     2
Armor: Leather armour    |    26 |    39 |    34 |       |       |       |       |       |       ||    99
       Plate armour      |       |       |    35 |   279 |    71 |       |       |       |       ||   385
       Chain mail        |       |       |       |       |   352 |   398 |   588 |   616 |   422 ||  2376
       Skin              |       |       |       |       |       |       |       |       |    19 ||    19
Dodge: Dodged            |    37 |    48 |    93 |   205 |   771 |   888 |  1487 |  1739 |  1356 ||  6624
Block: Buckler           |       |    22 |    69 |   164 |    12 |       |       |       |       ||   267
       Reflection        |       |       |     1 |     2 |       |    10 |    32 |    21 |    22 ||    88
       Other             |       |       |       |       |       |   137 |   267 |   264 |   183 ||   851
       Rpst.: Falchion   |    12 |    18 |    24 |    46 |     3 |       |       |       |       ||   103
       Great sword       |       |       |       |       |   162 |   163 |   256 |   284 |   241 ||  1106

Vault maps used:
D:1:      dpeg_arrival_tiny_h, minmay_misc_feat_rugged, serial_bayou_lake_a
D:2:      fedhas_altar_1
D:4:      nicolae_gozag_cash_rules_everything_around_me
D:5:      nicolae_overflow_crystal_walls, old_standard_altar, serial_shops,
          kennysheep_mini_moat, first_bread, hangedman_decor_diamond_cutter,
          uniq_eustachio
D:6:      cheibrodos_two_vegetables, regret_index_temple_of_mockery,
          kennysheep_mini, old_standard_altar, nicolae_qazlal_general_emergency
D:8:      chequers_temple_overflow_minitemple, serial_shops,
          nicolae_shop_statue_plus, uniq_grum
D:9:      kennysheep_ying_yang, old_standard_altar, due_lair_maze_entry_diamond,
          hangedman_pestilent_swarm, kennysheep_generic_room_6, uniq_erolcha
D:10:     orc_david_3, led_sif_book
D:11:     uniq_psyche
D:12:     minmay_ornate_pinched, minmay_orc_keep
D:13:     lemuel_slime, erik_vaults_1, serial_ice, serial_ice_n, serial_ice_o,
          serial_ice_j, serial_ice_h, portal_ice_cave_entry_ice_beasts,
          nrook_mini_vaults, lemuel_hellish_altar
D:14:     nemelex_xobeh_ov_fountains_minmay, uniq_kirke
D:15:     hangedman_depths_entry_civil_slaughter, minmay_misc_feat_pillars
Lair:1:   nicolae_quartered_pool_medium, serial_bayou_shore_a,
          grunt_megastairs_3
Lair:2:   special_room, beast_lair_carwin_5, infiniplex_staircase_pool
Lair:3:   minmay_shoals_entry_beasts, minmay_snake_entry_six_corridors,
          special_room, disabler_island, uniq_sonja
Lair:4:   minmay_holes, uniq_rupert
Lair:5:   kennysheep_rathole, grunt_forest_small_clearing_treed,
          grunt_megastairs_1
Lair:6:   gammafunk_lair_ancient_temple, nicolae_slime_entry_slimehenge
Shoals:1: uniq_donald
Shoals:2: st_sunken_huts, uniq_polyphemus
Shoals:3: serial_shops, shop, shop, shop, nicolae_shop_trees,
          nicolae_shop_waterfront, nicolae_shoals_seven_spires, uniq_jorgrun
Shoals:4: shoals_end_simple, shoal_ilsuiw, nicolae_shoals_kraken_party,
          uniq_mara
Snake:2:  nicolae_cobra_stairs, serial_shops, bzr_entry_lakeside, uniq_nikola,
          uniq_aizul, uniq_frances
Snake:3:  serial_shops, shop_statue, minmay_shop_grove, serial_bayou_shore_b
Snake:4:  minmay_snake_end_coiled, serial_shops, shop, serial_bayou_pond_a,
          grunt_ministairs_4
Slime:2:  nicolae_slime_welcoming_committee
Orc:1:    kennysheep_orc_chapel
Orc:2:    st_orc_ogre_mass
Elf:1:    eino_elf_arrival_shootout, basic_altar, minmay_elf_crystal_heptagon,
          minmay_shoptagon
Elf:2:    basic_altar, guppyfry_elf_altar
Elf:3:    grunt_elf_hall_spiral, hangedman_elf_disciples
Vaults:1: grunt_vaults_diagonal, v_pattern_2, vaults_room_pool,
          vaults_room_grid, vaults_dpeg_ring, vaults_room_pools,
          vaults_room_door_ring, nicolae_vaults_rhombus_6, v_misc_8,
          vaults_standard_mumra_enter_the_diamond, mu_enter_wizlab_6
Vaults:2: v_misc_9, vaults_mumra_chevron_long, vaults_mumra_lcd,
          nicolae_vaults_quadrants, v_alt_pattern_1, nicolae_vaults_rhombus_6,
          v_misc_8, v_rooms_5, grunt_vaults_bifocal, nicolae_vaults_network_s,
          v_pattern_1, serial_ice_b, serial_shops, shop, uniq_margery
Vaults:3: nicolae_vaults_three_branches, nicolae_vaults_little_squares_4,
          nicolae_vaults_fighting_squares, ontoclasm_vaults_gateway,
          minmay_crypt_entry_simple_round, nicolae_vaults_mini_display_case,
          nicolae_vaults_little_squares_5, vaults_dpeg_hooks,
          hangedman_vaults_impose, v_alt_pattern_6, nicolae_vaults_asterisk
Vaults:4: nicolae_vaults_ninety_degrees, hangedman_vaults_capsules, v_misc_29,
          vaults_dpeg_diagonal, hangedman_vaults_pinch, v_misc_30,
          nicolae_vaults_c_with_doors, v_alt_pattern_4,
          grunt_vaults_hallway_short, vaults_room_stairs_pillars,
          hangedman_vaults_cutoff
Vaults:5: uniq_bai_suzhen
Depths:1: abyss_entry, roderic_lattice_octagonal_star, hellmouth_1,
          kennysheep_potato, uniq_enchantress
Depths:2: minmay_nested_s, enter_ziggurat_e, serial_shops, shop,
          minmay_misc_feat_more_columns, nicolae_trove_entry_free_sample,
          grunt_hell_entry_demonic_statue, serial_bayou_shore_b,
          infiniplex_staircase_x
Depths:3: minmay_strange_plus, grunt_pan_entry_zigzag, grunt_decor_mini_mirrors,
          pf_hell_entry_tar_river, minmay_misc_feat_cross,
          minmay_staircase_windowed_large, uniq_saint_roka, uniq_boris,
          uniq_xtahua
Depths:4: kennysheep_demon_jail, hangedman_coc_ice_floe,
          abyss_entry_small_statue_room, grunt_megastairs_2,
          infiniplex_staircase_zigzag_2
Depths:5: grunt_twist_and_shout, hell_entry, pan_entry, uniq_mennas
Zot:1:    zot_minivault_2
Zot:3:    lemuel_baited_zot_trap, basic_stair_grate_trap
Zot:4:    lemuel_lich_library, basic_stair_grate_trap
Zot:5:    nicolae_lava_and_water
Abyss:3:  evilmike_abyss_exit_5, evilmike_abyss_exit_17
Bazaar:   bazaar_minmay_generic_box
IceCv:    ice_cave_caverns_01
WizLab:   wizlab_wucad

Table legend:
 A = Turns spent in this place as a percentage of turns spent in the entire game.
 B = Non-inter-level travel turns spent in this place as a percentage of non-inter-level travel turns spent in the entire game.
 C = Inter-level travel turns spent in this place as a percentage of turns spent in this place.
 D = Turns resting spent in this place as a percentage of non-inter-level travel turns spent in this place.
 E = Turns spent auto-exploring this place as a percentage of non-inter-level travel turns spent in this place.
 F = Non-inter-level travel turns spent in this place divided by the number of levels of this place that you've seen.
                   A       B       C       D       E      F
               +-------+-------+-------+-------+-------+----------------------
         Total | 100.0 | 100.0 |   0.8 |   2.7 |   5.3 | 409.0
       Dungeon |  14.9 |  14.9 |   1.1 |   0.4 |  10.7 | 243.5
          Lair |  11.6 |  11.6 |   1.3 |   3.9 |   5.7 | 473.5
        Shoals |   9.1 |   9.1 |   1.2 |   1.8 |   5.0 | 555.8
     Snake Pit |  10.8 |  10.8 |   0.8 |   4.4 |   4.4 | 662.8
    Slime Pits |   2.7 |   2.7 |   0.3 |   7.3 |   0.0 | 131.2
  Orcish Mines |   3.2 |   3.2 |   1.3 |   2.0 |   3.7 | 393.0
   Elven Halls |   7.6 |   7.6 |   0.6 |   3.9 |   4.9 | 620.7
        Vaults |  14.9 |  15.0 |   0.4 |   3.4 |   5.7 | 735.2
        Depths |  14.6 |  14.6 |   0.8 |   2.4 |   4.6 | 717.2
           Zot |   1.8 |   1.8 |   0.0 |   3.1 |   0.4 |  89.8
         Abyss |   6.6 |   6.6 |   0.0 |   0.8 |   0.0 | 541.0
        Bazaar |   0.1 |   0.1 |   0.0 |   0.0 |   0.0 |  24.0
      Ice Cave |   1.3 |   1.3 |   0.0 |   0.6 |   6.2 | 322.0
        Wizlab |   0.8 |   0.8 |   0.0 |   1.0 |   2.1 | 191.0
               +-------+-------+-------+-------+-------+----------------------

Table legend:
 A = Kills in this place as a percentage of kills in entire the game.
 B = Kills by you in this place as a percentage of kills by you in the entire game.
 C = Kills by friends in this place as a percentage of kills by friends in the entire game.
 D = Other kills in this place as a percentage of other kills in the entire game.
 E = Experience gained in this place as a percentage of experience gained in the entire game.
 F = Experience gained in this place divided by the number of levels of this place that you have seen.
                   A       B       C       D       E      F
               +-------+-------+-------+-------+-------+----------------------
         Total | 100.0 | 100.0 | 100.0 | 100.0 | 100.0 | 26874.4
       Dungeon |  17.2 |  17.3 |  11.5 |  20.0 |   4.3 | 4628.3
          Lair |   8.9 |   8.8 |  15.4 |   5.0 |   4.2 | 11155.8
        Shoals |   7.3 |   7.1 |  17.3 |  10.0 |   7.1 | 28444.0
     Snake Pit |   8.5 |   8.6 |   1.9 |  10.0 |   8.6 | 34721.2
    Slime Pits |   4.4 |   4.5 |   1.9 |   5.0 |   5.4 | 17310.2
  Orcish Mines |   4.6 |   4.5 |   7.7 |  10.0 |   1.5 | 12239.0
   Elven Halls |   7.0 |   7.1 |   1.9 |   5.0 |   9.7 | 52097.0
        Vaults |  19.5 |  19.8 |   5.8 |  20.0 |  26.6 | 85849.0
        Depths |  14.1 |  13.9 |  23.1 |  15.0 |  20.6 | 66283.6
           Zot |   1.5 |   1.3 |  13.5 |   0.0 |   5.8 | 18549.0
         Abyss |   5.2 |   5.3 |   0.0 |   0.0 |   5.6 | 29951.0
      Ice Cave |   1.9 |   1.9 |   0.0 |   0.0 |   0.8 | 12861.0
               +-------+-------+-------+-------+-------+----------------------
